 Dungeon Crawl Stone Soup version 0.26.1-11-gd32895ea62 (webtiles) character file.

Game seed: 17212500408173389367

15196022 RaHiT the Ninja (level 27, 246/246 HPs)
             Began as an Octopode Delver on Apr 16, 2021.
             Was the Champion of Cheibriados.
             Escaped with the Orb
             ... and 15 runes on Apr 18, 2021!
             The game lasted 16:16:27 (105996 turns).

RaHiT the Ninja (Octopode Delver)                 Turns: 105996, Time: 16:16:28

Health: 246/246    AC:  6    Str: 25    XL:     27
Magic:  82/82      EV: 40    Int: 66    God:    Cheibriados [******]
Gold:   18260      SH: 30    Dex: 33    Spells: 22/80 levels left

rFire    + + .     SeeInvis +     - Unarmed
rCold    + + +     Faith    .   f - +5 kite shield {rC+}
rNeg     + + +     Spirit   .   h - +3 hat of Pondering {ponderous, Will+ MP+10 Int+5}
rPois    .         Reflect  +   Y - amulet "Ucurread" {Reflect rC- rN+ MP+9 Slay+5 SH+5}
rElec    +         Harm     .   O - ring of Xom's Best Wishes {rElec rF+ MP+9 Int+2 Dex-2}
rCorr    .         Rampage  .   b - ring of Baczaq {+Blink Slay+3 SInv}
Will     +++++     Clarity  +   a - ring "Set Xala" {rElec rC+ Int+6}
Stlth    +++++.....             K - ring "Nyfuj" {+Fly rElec Int+6}
HPRegen  0.51/turn              V - ring of the Mage {Wiz Will++ Int+3}
MPRegen  0.48/turn              n - ring "Fupluehoi" {*Drain rF+ rN+ Int+3 Stlth+}
                                J - ring of Idealism {rC+ rN+ Will+ Int+4}
                                H - ring "Kaineg" {rElec rC+ Dex+6}

@: studying 2 skills, very slow
A: almost no armour, stealthy swim, amphibious, 8 rings, constrict 8, icy blue
scales 1, camouflage 1, clarity, clumsy 1, robust 1, electricity resistance,
weak 1, wild magic 1, gelatinous body 1
0: Orb of Zot
}: 15/15 runes: decaying, serpentine, slimy, silver, golden, iron, obsidian,
icy, bone, abyssal, demonic, glowing, magical, fiery, dark
a: Renounce Religion, Evoke Blink, Evoke Flight, Bend Time, Temporal Distortion,
Slouch, Step From Time


You escaped.
You worshipped Cheibriados.
Cheibriados was exalted by your worship.
You visited 18 branches of the dungeon, and saw 90 of its levels.
You visited Pandemonium 1 time, and saw 18 of its levels.
You visited the Abyss 2 times.
You completed 1 ziggurat, and saw 27 of its levels.
You also visited: Trove and Bailey.

You collected 20562 gold pieces.
You spent 2302 gold pieces at shops.

Inventory:

Missiles
 A - 18 silver javelins (quivered)
 E - 8 throwing nets
 G - 7 silver boomerangs
 L - 10 javelins
Armour
 f - a +5 kite shield of cold resistance (worn)
 h - the +3 hat of Pondering (worn) {ponderous, Will+ MP+10 Int+5}
   (You took it off Gastronok on level 8 of the Dungeon)

   It affects your intelligence (+5).
   It affects your willpower, your defense against some magical effects.
   It affects your magic capacity (+10).
Jewellery
 a - the ring "Set Xala" (on tentacle) {rElec rC+ Int+6}
   (You acquired it in Pandemonium)

   [ring of intelligence]

   It affects your intelligence (+6).
   It protects you from cold.
   It insulates you from electricity.
 b - the ring of Baczaq (right tentacle) {+Blink Slay+3 SInv}
   (You bought it in a shop on level 1 of the Snake Pit)

   [ring of see invisible]

   It affects your accuracy and damage with ranged weapons and melee attacks
   (+3).
   It lets you see invisible.
   It lets you blink.
 n - the ring "Fupluehoi" (on tentacle) {*Drain rF+ rN+ Int+3 Stlth+}
   (You found it on level 7 of Tartarus)

   [ring of protection from fire]

   It affects your intelligence (+3).
   It protects you from fire.
   It protects you from negative energy.
   It causes draining when unequipped.
   It makes you more stealthy.
 r - the ring "Ziovihad" {rC+ Str+8 Dex-5 Slay+2}
   (You found it on level 24 of a ziggurat)

   [ring of protection from cold]

   It affects your strength (+8).
   It affects your dexterity (-5).
   It affects your accuracy and damage with ranged weapons and melee attacks
   (+2).
   It protects you from cold.
 B - the ring "Nerabb" {Wiz +Inv rF+ Int+4}
   (You found it on level 13 of a ziggurat)

   [ring of wizardry]

   It improves your spell success rate.
   It affects your intelligence (+4).
   It protects you from fire.
   It lets you turn invisible.
 H - the ring "Kaineg" (on tentacle) {rElec rC+ Dex+6}
   (You acquired it in Pandemonium)

   [ring of dexterity]

   It affects your dexterity (+6).
   It protects you from cold.
   It insulates you from electricity.
 J - the ring of Idealism (on tentacle) {rC+ rN+ Will+ Int+4}
   (You found it on level 26 of a ziggurat)

   [ring of protection from cold]

   It affects your intelligence (+4).
   It protects you from cold.
   It protects you from negative energy.
   It affects your willpower, your defense against some magical effects.
 K - the ring "Nyfuj" (on tentacle) {+Fly rElec Int+6}
   (You acquired it on level 8 of the Dungeon)

   [ring of flight]

   It affects your intelligence (+6).
   It insulates you from electricity.
   It lets you fly.
 M - a ring of the Octopus King {rC+ AC+1 EV+1 Str+1 Int+1 Dex+1}
   (You found it on level 12 of the Dungeon)

   [ring of protection from cold]

   It affects your AC (+1).
   It affects your evasion (+1).
   It affects your strength (+1).
   It affects your intelligence (+1).
   It affects your dexterity (+1).
   It protects you from cold.
 O - the ring of Xom's Best Wishes (left tentacle) {rElec rF+ MP+9 Int+2 Dex-2}
   (You took it off a yaktaur captain on level 5 of the Vaults)

   [ring of protection from fire]

   It affects your intelligence (+2).
   It affects your dexterity (-2).
   It protects you from fire.
   It insulates you from electricity.
   It affects your magic capacity (+9).
 V - the ring of the Mage (on tentacle) {Wiz Will++ Int+3}
   (You found it on level 11 of a ziggurat)

   [ring of wizardry]

   It improves your spell success rate.
   It affects your intelligence (+3).
   It affects your willpower, your defense against some magical effects.
 Y - the amulet "Ucurread" (around mantle) {Reflect rC- rN+ MP+9 Slay+5 SH+5}
   (You found it on level 5 of the Pits of Slime)

   [amulet of reflection]

   It shields you and reflects attacks.
   It affects your accuracy and damage with ranged weapons and melee attacks
   (+5).
   It makes you vulnerable to cold.
   It protects you from negative energy.
   It affects your magic capacity (+9).
   It affects your SH (+5).
 Z - the amulet "Sustrai" {RegenMP +Inv rN+ Str+5}
   (You found it in a treasure trove)

   [amulet of magic regeneration]

   It increases your magic regeneration.
   It affects your strength (+5).
   It protects you from negative energy.
   It lets you turn invisible.
Wands
 e - a wand of digging (43)
 u - a wand of disintegration (37)
 y - a wand of polymorph (69)
 C - a wand of acid (98)
 D - a wand of iceblast (144)
 P - a wand of enslavement (44)
Scrolls
 g - a scroll of fear
 k - 24 scrolls of blinking
 l - 7 scrolls of holy word
 t - 20 scrolls of fog
 v - 15 scrolls of magic mapping
 w - 38 scrolls of teleportation
 z - 10 scrolls of immolation
 Q - 14 scrolls of silence
 R - 3 scrolls of summoning
 T - 27 scrolls of identify
Potions
 c - 7 potions of ambrosia
 d - 23 potions of heal wounds
 m - 32 potions of mutation
 p - 2 potions of invisibility
 s - 7 potions of magic
 x - 41 potions of curing
 I - 14 potions of brilliance
 N - 2 potions of cancellation
 X - 6 potions of resistance
Books
 S - a manual of Invocations
 U - a manual of Staves
Miscellaneous
 i - a tin of tremorstones (2/2)
 j - a +1 figurine of a ziggurat
 o - a phantom mirror
 q - the horn of Geryon
 F - a condenser vane
 W - a box of beasts


   Skills:
 O Level 27 Fighting
 - Level 0.1 Short Blades
 - Level 0.1(18.7) Slings
 O Level 27 Throwing
 + Level 24.9 Dodging
 O Level 27 Stealth
 + Level 25.0 Shields
 O Level 27 Unarmed Combat
 O Level 27 Spellcasting
 - Level 20.0 Necromancy
 - Level 20.0 Transmutations
 - Level 17.0 Fire Magic
 - Level 21.0 Ice Magic
 - Level 20.0 Earth Magic
 - Level 13.0 Invocations
 O Level 27 Evocations


You had 22 spell levels left.
You knew the following spells:

 Your Spells              Type           Power        Failure   Level
a - Statue Form           Tmut/Erth      100%         1%          6
b - Ignition              Fire           79%          1%          8
c - Absolute Zero         Ice            84%          1%          9
d - Shatter               Erth           83%          1%          9
e - Sublimation of Blood  Necr           83%          1%          2
f - Death's Door          Necr           83%          1%          9
g - Necromutation         Tmut/Necr      83%          1%          8
o - Apportation           Tloc           100%         1%          1
r - Ozocubu's Refrigerat  Ice            84%          1%          6

Your spell library contained the following spells:

 Spells                   Type           Power        Failure   Level
 Animate Skeleton         Necr           100%         1%          1
 Beastly Appendage        Tmut           100%         1%          1
 Corona                   Hex            95%          1%          1
 Foxfire                  Conj/Fire      100%         1%          1
 Freeze                   Ice            100%         1%          1
 Magic Dart               Conj           100%         1%          1
 Pain                     Necr           100%         1%          1
 Sandblast                Erth           100%         1%          1
 Shock                    Conj/Air       100%         1%          1
 Sting                    Tmut/Pois      100%         1%          1
 Summon Small Mammal      Summ           100%         1%          1
 Blink                    Tloc           N/A          1%          2
 Call Imp                 Summ           86%          1%          2
 Corpse Rot               Necr/Air       N/A          1%          2
 Ensorcelled Hibernation  Hex/Ice        100%         1%          2
 Passwall                 Tmut/Erth      100%         1%          2
 Poisonous Vapours        Pois/Air       100%         1%          2
 Searing Ray              Conj           100%         1%          2
 Slow                     Hex            86%          1%          2
 Swiftness                Air            86%          1%          2
 Wereblood                Tmut           100%         1%          2
 Call Canine Familiar     Summ           86%          1%          3
 Confusing Touch          Hex            86%          1%          3
 Conjure Flame            Conj/Fire      100%         1%          3
 Dazzling Flash           Conj/Hex       100%         1%          3
 Frozen Ramparts          Ice            100%         1%          3
 Gell's Gravitas          Tloc           43%          1%          3
 Ignite Poison            Fire/Tmut/Pois 100%         1%          3
 Inner Flame              Hex/Fire       100%         1%          3
 Lesser Beckoning         Tloc           43%          1%          3
 Mephitic Cloud           Conj/Pois/Air  86%          1%          3
 Ozocubu's Armour         Ice            100%         1%          3
 Portal Projectile        Hex/Tloc       100%         1%          3
 Spider Form              Tmut/Pois      68%          1%          3
 Static Discharge         Conj/Air       86%          1%          3
 Stone Arrow              Conj/Erth      100%         1%          3
 Summon Guardian Golem    Hex/Summ       86%          1%          3
 Teleport Other           Tloc           86%          1%          3
 Tukima's Dance           Hex            86%          1%          3
 Vampiric Draining        Necr           83%          1%          3
 Airstrike                Air            43%          1%          4
 Animate Dead             Necr           83%          1%          4
 Cause Fear               Hex            43%          1%          4
 Dispel Undead            Necr           100%         1%          4
 Fulminant Prism          Conj/Hex       43%          1%          4
 Hailstorm                Conj/Ice       100%         1%          4
 Ice Form                 Ice/Tmut       100%         1%          4
 Iskenderun's Mystic Bla  Conj/Tloc      86%          1%          4
 Leda's Liquefaction      Hex/Erth       68%          1%          4
 Olgreb's Toxic Radiance  Pois           86%          1%          4
 Passage of Golubria      Tloc           N/A          1%          4
 Petrify                  Tmut/Erth      100%         1%          4
 Sticky Flame             Conj/Fire      100%         1%          4
 Summon Ice Beast         Ice/Summ       100%         1%          4
 Summon Lightning Spire   Summ/Air       86%          1%          4
 Agony                    Necr           100%         1%          5
 Alistair's Intoxication  Tmut/Pois      91%          1%          5
 Blade Hands              Tmut           83%          1%          5
 Bolt of Magma            Conj/Fire/Erth 72%          1%          5
 Borgnjor's Vile Clutch   Necr/Erth      83%          1%          5
 Excruciating Wounds      Necr           83%          1%          5
 Fireball                 Conj/Fire      66%          1%          5
 Irradiate                Conj/Tmut      68%          1%          5
 Iskenderun's Battlesphe  Conj           86%          1%          5
 Lee's Rapid Deconstruct  Erth           83%          1%          5
 Lightning Bolt           Conj/Air       43%          1%          5
 Metabolic Englaciation   Hex/Ice        69%          1%          5
 Silence                  Hex/Air        43%          1%          5
 Summon Demon             Summ           43%          1%          5
 Summon Forest            Summ/Tloc      43%          1%          5
 Summon Mana Viper        Hex/Summ       86%          1%          5
 Yara's Violent Unravell  Hex/Tmut       68%          1%          5
 Death Channel            Necr           83%          1%          6
 Eringya's Noxious Bog    Tmut/Pois      68%          1%          6
 Freezing Cloud           Conj/Ice/Air   62%          1%          6
 Hydra Form               Tmut           83%          1%          6
 Iron Shot                Conj/Erth      68%          1%          6
 Simulacrum               Ice/Necr       84%          1%          6
 Starburst                Conj/Fire      66%          1%          6
 Dragon Form              Tmut           83%          1%          7
 Haunt                    Necr/Summ      68%          1%          7
 Borgnjor's Revivificati  Necr           83%          1%          8
 Infestation              Necr           83%          1%          8
 Lehudib's Crystal Spear  Conj/Erth      68%          3%          8
 Conjure Ball Lightning   Conj/Air       43%          4%          6
 Dispersal                Tloc           43%          4%          6
 Invisibility             Hex            86%          4%          6
 Shadow Creatures         Summ           N/A          4%          6
 Malign Gateway           Summ/Tloc      43%          22%         7
 Monstrous Menagerie      Summ           43%          22%         7
 Orb of Destruction       Conj           43%          22%         7
 Spellforged Servitor     Conj/Summ      43%          22%         7
 Summon Greater Demon     Summ           43%          22%         7
 Summon Hydra             Summ           43%          22%         7
 Fire Storm               Conj/Fire      66%          58%         9
 Chain Lightning          Conj/Air       43%          82%         8
 Discord                  Hex            43%          82%         8
 Disjunction              Tloc           43%          82%         8
 Summon Horrible Things   Summ           43%          82%         8
 Tornado                  Air            43%          100%        9


Dungeon Overview and Level Annotations

Branches:
Dungeon (15/15)            Temple (1/1) D:7            Lair (6/6) D:10
  Swamp (4/4) Lair:2        Snake (4/4) Lair:4        Slime (5/5) Lair:6
    Orc (2/2) D:12            Elf (3/3) Orc:2        Vaults (5/5) D:14
  Crypt (3/3) Vaults:3       Tomb (3/3) Crypt:3      Depths (5/5) D:15
   Hell (visited)             Dis (7/7) Hell            Geh (7/7) Hell
    Coc (7/7) Hell            Tar (7/7) Hell            Zot (5/5) Depths:5
 Bailey (visited)

Altars:
Ashenzari
Cheibriados
Dithmenos
Elyvilon
Fedhas
Gozag
Hepliaklqana
Kikubaaqudgha
Makhleb
Nemelex Xobeh
Okawaru
Qazlal
Ru
Sif Muna
Trog
Uskayaw
Vehumet
Wu Jian
Xom
Yredelemnul
Zin
The Shining One
Beogh
Lugonu

Shops:
D:13 ([!   Orc:1 =   Orc:2 =**}(   Elf:1 !   Elf:2 =   Snake:1 }?=
Snake:3 }([(   Snake:4 *   Vaults:2 =   Depths:5 }}=

Portals:
Hell: Depths:1 Depths:2 Depths:3 Depths:4 Depths:5
Abyss: Depths:2 Depths:3 Depths:4
Pandemonium: Depths:3
Ziggurat: Depths:4


Innate Abilities, Weirdness & Mutations

You cannot wear most types of armour.
You are very stealthy in the water. (Stealth+)
You are amphibious.
You can wear up to eight rings at the same time.
You can use your tentacles to constrict eight enemies at once.
Your skin changes colour to match your surroundings (Stealth+).
Your rubbery body absorbs attacks. (AC +1, EV +1)
You are partially covered in icy blue scales. (AC +2)
You possess an exceptional clarity of mind.
You are clumsy. (Dex -2)
You are robust. (+10% HP)
You are resistant to electric shocks. (rElec)
You are weak. (Str -2)
Your spells are a little harder to cast, but a little more powerful.


Message History

Cheibriados appreciates the change of pace.
Your Shields skill increases to level 25!
(D) Dungeon (T) Temple (L) Lair (S) Swamp (P) Snake Pit (M) Slime Pits (O) Orcish Mines (E) Elven Halls (V) Vaults (C) Crypt (W) Tomb (U) Depths (H) Hell (I) Dis (G) Gehenna (X) Cocytus (Y) Tartarus (Z) Zot
Where to? (Enter - D:2 @ (x,y), ? - help) Magic restored.
The Orb Guardian shaped block of ice melts away.
There is a stone staircase leading up here.
You climb upwards.
There is a stone staircase leading down here.
Aiming: Dig
Press: ? - help, Shift-Dir - straight line A rock wall.
This square is covered in magical glow.
The rock shatters into small pieces.
There is a staircase leading out of the dungeon here.
You have escaped!

.......##.#
#..#........#####.
>..###.##.# #...........#
#. ..#######.#
#..#.......># #.
..........#
##..#........# #.
#.........#
##...#####...## #.
#.........#
##.....###..### #.
..........# #.......#...#
#.
..........###.......#.###
##
.....)..........@.....#
#.........###.........#
#.........# #........##
########### ##.......# #
#########


There were no monsters in sight!

Vanquished Creatures
  Cerebov (Pan)
  Antaeus (Coc:7)
  Asmodeus (Geh:7)
  Ereshkigal (Tar:7)
  Gloorx Vloq (Pan)
  the Royal Jelly (Slime:5)
  Lom Lobon (Pan)
  the Serpent of Hell (Geh:7)
  Mnoleg (Pan)
  Dispater (Dis:7)
  2 orbs of fire (Zot:5)
  11 ancient liches
  4 juggernauts (Zig:17)
  Mennas (Pan)
  Sojobo (Depths:2)
  42 royal mummies
  18 pandemonium lords
  Saint Roka (Snake:3)
  11 shard shrikes
  the Lernaean hydra (Swamp:4)
  Vashnia (Snake:4)
  14 Killer Klowns
  Margery (Crypt:2)
  Boris (twice) (Depths:4 Tomb:2)
  3 curse toes
  Xtahua (Depths:3)
  Geryon (Hell)
  The ghost of TuffENuff the End of an Era, a veteran FoFi of Qazlal (Vaults:4)
  15 golden dragons
  Nikola (Swamp:1)
  3 profane servitors (Zig:21)
  27 bone dragons
  3 electric golems
  71 Brimstone Fiends
  17 iron giants
  91 Tzitzimimeh
  17 doom hounds
  18 tentacled monstrosities
  37 Ice Fiends
  18 Hell Sentinels
  Rupert (D:15)
  28 Orb Guardians
  21 liches
  5 deep elf blademasters
  39 ancient champions
  12 quicksilver dragons
  4 titans
  Agnes (D:15)
  21 acid blobs
  Gastronok (D:8)
  3 deep elf master archers
  A sphinx (shapeshifter) (Zig:14)
  44 Executioners
  9 death cobs
  9 sphinxes
  7 tentacled starspawn
  Kirke (D:12)
  14 tengu reavers
  A thorn hunter (Abyss:3)
  12 storm dragons
  Donald (Snake:2)
  9 draconian monks
  An azure jelly (shapeshifter) (Zig:14)
  16 shadow dragons
  59 nagarajas
  10 revenants
  Roxanne (Swamp:3)
  15 azure jellies
  12 deep elf sorcerers
  Aizul (Snake:1)
  13 frost giants
  6 fire giants
  11 draconian scorchers
  A daeva (Zot:1)
  3 juggernaut zombies
  57 balrugs
  18 vault wardens
  22 warmongers
  12 draconian knights
  36 cacodemons
  5 emperor scorpions
  8 draconian stormcallers
  19 ghost moths
  14 iron dragons
  A ghost moth (shapeshifter) (Zig:14)
  Louise (D:15)
  14 war gargoyles
  8 draconian shifters
  4 ghouls
  16 ironheart preservers
  5 caustic shrike zombies
  11 curse skulls
  4 deep elf elementalists
  5 orc warlords
  13 draconian annihilators
  148 reapers
  5 elemental wellsprings
  A caustic shrike skeleton (Zig:27)
  45 very ugly things
  14 stone giants
  A spriggan defender (Depths:3)
  28 blood saints
  16 vampire knights
  12 bennus
  22 green draconians
  16 corrupters
  17 entropy weavers
  5 bunyips
  15 yellow draconians
  20 black suns
  6 spark wasps
  22 black draconians
  6 deep elf annihilators
  16 purple draconians
  An entropy weaver (shapeshifter) (Vaults:5)
  A dire elephant (Zot:5)
  7 deep elf demonologists
  16 red draconians
  36 lorocyprocas
  32 green deaths
  16 white draconians
  A merfolk javelineer (Depths:5)
  Snorg (D:10)
  16 ettins
  18 yaktaur captains
  8 fire dragons
  2 eidola
  30 mummy priests
  An eleionoma (shapeshifter) (Zig:14)
  8 death oozes (Slime:5)
  A shambling mangrove (Lair:1)
  13 quicksilver dragon zombies
  3 eleionomae
  11 deep elf death magi
  A great orb of eyes (shapeshifter) (Vaults:5)
  13 deep elf high priests
  57 blizzard demons
  17 jiangshi
  A spectral kraken (Tar:7)
  7 rakshasas
  35 vault guards
  Fannar (D:10)
  9 monstrous demonspawn
  18 naga warriors
  21 ice dragons
  A catoblepas (Lair:6)
  31 hydras
  13 hell beasts
  7 boulder beetles
  10 great orbs of eyes
  13 quicksilver dragon skeletons
  11 centaur warriors
  8 ghost crabs
  Erica (D:10)
  17 ogre magi
  8 spriggan air magi
  An anaconda (shapeshifter) (Vaults:3)
  3 death knights
  A satyr (Abyss:3)
  43 two-headed ogres
  13 alligators
  24 anacondas
  47 dancing weapons
  9 death yaks (Lair:6)
  15 vampire magi
  4 spriggan berserkers
  7 tengu warriors
  17 titan zombies
  99 death scarabs
  6 holy swine (Pan)
  81 hell hogs
  12 thrashing horrors
  4 deep troll earth magi
  15 orc high priests
  4 deep troll shamans
  30 naga sharpshooters
  23 shock serpents
  73 soul eaters
  10 iron golems
  18 storm dragon zombies
  8 storm dragon skeletons
  11 titan skeletons
  96 sun demons
  20 deep elf knights
  41 sixfirhies
  A fire crab (shapeshifter) (Vaults:5)
  2 cherubim
  10 salamander mystics
  10 wretched stars
  75 hell knights
  10 golden dragon zombies
  19 iron trolls
  A fire crab (Geh:3)
  7 shadow wraiths
  20 gelid demonspawn
  257 skeletal warriors
  2 spatial maelstroms (Abyss:3)
  23 deep trolls
  2 goliath frogs (Swamp:3)
  5 unseen horrors
  A spark wasp zombie (Zig:9)
  24 anaconda zombies
  14 swamp dragons
  A deep troll (shapeshifter) (Depths:1)
  4 spriggan druids
  59 starcursed masses
  10 glowing orange brains
  5 ghost moth zombies
  5 death drakes
  7 wizards
  3 glowing orange brains (shapeshifter)
  18 infernal demonspawn
  19 naga ritualists
  10 torturous demonspawn (Pan)
  An unseen horror (shapeshifter) (Zig:15)
  36 flayed ghosts
  2 obsidian statues
  40 phantasmal warriors
  6 bog bodies
  6 anaconda skeletons
  3 orange crystal statues
  10 ironbrand convokers
  51 shadow demons
  11 shadow dragon zombies
  17 deep elf archers
  84 deep elf magi
  8 lindwurms
  20 orc knights
  13 iron dragon zombies
  6 golden dragon skeletons
  24 necromancers
  Pikel (D:7)
  16 shadow dragon skeletons
  4 harpies (Vaults:2)
  16 wolf spider zombies
  20 fire giant zombies
  15 wolf spiders
  28 mana vipers
  10 shining eyes
  2 manticores (D:12)
  13 stone giant zombies
  12 salamanders
  8 orc sorcerers
  14 orb spiders
  5 cyclopes
  23 oklob plants
  A faun (shapeshifter) (Abyss:3)
  16 frost giant zombies
  46 ugly things
  3 will-o-the-wisps
  4 worldbinders
  2 salamanders (shapeshifter)
  A toenail golem (Abyss:3)
  13 vault sentinels
  10 iron dragon skeletons
  A sphinx skeleton (Zig:27)
  79 black mambas
  4 eyes of devastation
  18 frost giant skeletons
  84 rust devils
  26 moths of wrath
  A guardian serpent (shapeshifter) (Elf:3)
  6 apocalypse crabs
  An eleionoma skeleton (Crypt:1)
  8 shock serpent zombies
  12 stone giant skeletons
  17 guardian serpents
  5 ice statues
  12 dire elephant zombies
  25 fire giant skeletons
  19 molten gargoyles
  8 torpor snails
  38 orange demons
  2 titan simulacra
  97 smoke demons
  43 naga magi
  8 shock serpent skeletons
  18 cane toads
  86 hellions
  5 gargoyles
  A red draconian zombie (Geh:4)
  A kobold demonologist (Depths:1)
  3 catoblepas zombies
  5 emperor scorpion zombies
  8 dire elephant skeletons
  A komodo dragon (shapeshifter) (Depths:2)
  12 spectral swamp worms (Tar:7)
  4 rime drakes
  9 komodo dragons
  41 yaktaurs
  49 freezing wraiths
  58 demonic crawlers
  10 ancient zymes
  2 human zombies
  109 tormentors
  3 anaconda simulacra
  A green draconian zombie (Dis:5)
  A minotaur skeleton (Crypt:1)
  A catoblepas skeleton (Geh:5)
  93 ice devils
  77 guardian mummies
  19 hydra zombies
  19 efreet
  A yaktaur (shapeshifter) (Depths:5)
  93 red devils
  4 tengu conjurers
  2 golden dragon simulacra
  35 hellwings
  8 silent spectres
  A yaktaur skeleton (D:15)
  A queen bee (shapeshifter) (Abyss:3)
  11 trolls
  A troll (shapeshifter) (Vaults:2)
  A wandering mushroom (Lair:1)
  A white draconian skeleton (Crypt:2)
  21 jumping spiders
  A meliai (Zot:4)
  4 bloated husks
  7 harpy zombies
  A meliai (shapeshifter) (Depths:4)
  The ghost of Welwordion the Sneak, a novice SpWr of Ashenzari (D:6)
  11 polar bears
  A tengu simulacrum (Zig:4)
  2 hornets (shapeshifter)
  A moth of wrath zombie (Crypt:1)
  A sphinx simulacrum (Vaults:1)
  17 blink frogs
  8 hydra skeletons
  A wind drake (Zot:1)
  Prince Ribbit (D:7)
  14 ettin zombies
  A slime creature (shapeshifter) (Vaults:5)
  19 hornets
  A shadow dragon simulacrum (Coc:5)
  7 raiju
  9 tyrant leeches
  68 large abominations
  A deep troll zombie (D:15)
  18 ice dragon zombies
  A frost giant simulacrum (Vaults:2)
  2 human simulacra
  12 dream sheep (Lair:6)
  A meliai zombie (Crypt:2)
  112 slime creatures
  8 alligator zombies
  12 fire dragon zombies
  4 harpy skeletons
  A stone giant simulacrum (Coc:5)
  222 flying skulls
  21 redbacks
  61 shadows
  15 ushabtiu
  6 alligator skeletons
  A vampire (Abyss:2)
  4 air elementals
  7 black mamba zombies
  43 ynoxinuls
  3 humans (Vaults:3)
  3 wyverns
  16 ice dragon skeletons
  18 fire dragon skeletons
  23 spriggans
  18 tarantellas
  24 water elementals
  63 wraiths
  10 golden eyes
  A hog (shapeshifter) (Zig:7)
  4 basilisks
  5 black mamba skeletons
  2 yaks (shapeshifter)
  18 ettin skeletons
  A human (shapeshifter) (Depths:4)
  46 yaks
  40 chaos spawn
  34 neqoxecs
  A catoblepas simulacrum (Tar:6)
  50 fire elementals
  2 steam dragons
  3 spatial vortices (Abyss:3)
  9 wargs
  Menkaure (D:7)
  9 vampire mosquitoes
  A wind drake skeleton (Crypt:1)
  A yaktaur simulacrum (Vaults:4)
  48 nagas
  An acid dragon (Zot:3)
  A warg (shapeshifter) (Vaults:5)
  12 swamp worms
  A deep troll skeleton (Crypt:1)
  2 merfolk skeletons
  183 hell hounds
  37 water moccasins
  2 floating eyes
  2 hydra simulacra (Hell)
  A floating eye (shapeshifter) (Zig:14)
  12 cane toad zombies
  2 cane toad skeletons
  A monstrous demonspawn skeleton (Pan)
  11 snapping turtle zombies
  2 hornet zombies
  3 manticore zombies
  68 necrophages
  3 swamp dragon zombies
  64 orc warriors
  5 sky beasts
  8 ice beasts
  2 ice dragon simulacra
  7 swamp drakes (Swamp:4)
  An ettin simulacrum (Vaults:1)
  A black mamba simulacrum (Crypt:2)
  38 ogres
  5 black bears
  16 phantoms
  2 spriggan simulacra
  12 snapping turtle skeletons
  9 eyes of draining
  24 wolves
  18 boggarts
  4 swamp dragon skeletons
  11 human skeletons
  18 small abominations
  12 centaurs
  2 manticore skeletons
  An elephant skeleton (Crypt:2)
  5 big kobolds
  5 elf zombies
  19 bullfrogs
  A merfolk simulacrum (Tar:6)
  A yaktaur zombie (D:15)
  13 earth elementals
  7 elf skeletons
  A wyvern skeleton (D:14)
  8 scorpions
  A yak zombie (Crypt:1)
  2 troll zombies
  7 spriggan zombies
  3 killer bees (D:13)
  2 troll skeletons
  7 spriggan skeletons
  2 elf simulacra
  177 wights
  6 electric eels
  4 howler monkeys
  A spectral bullfrog (D:10)
  29 crimson imps
  8 quasits
  A bullfrog zombie (D:10)
  9 centaur skeletons
  6 centaur zombies
  8 hounds
  4 jellies
  30 orc priests
  A gnoll shaman (D:4)
  35 orc wizards
  2 bullfrog skeletons
  82 iron imps
  Jessica (D:2)
  Terence (D:3)
  An iguana (D:11)
  11 worker ants
  3 ogre zombies
  2 naga zombies
  5 tengu zombies
  2 tengu skeletons
  A hound zombie (D:10)
  A hound skeleton (D:8)
  92 mummies
  2 worker ant zombies
  33 adders
  7 gnolls
  44 shadow imps
  30 white imps
  6 ufetubi
  An ooze (D:2)
  3 adder skeletons
  6 worms
  4 leopard geckos
  80 orcs
  4 ball pythons
  10 bats
  5 giant cockroaches
  14 goblins
  5 hobgoblins
  17 jackals
  4 quokkas
  6 frilled lizards
  A jackal skeleton (D:6)
  43 kobolds
  4 kobold skeletons
  A kobold zombie (Coc:6)
  A leopard gecko skeleton (D:9)
  A leopard gecko zombie (D:6)
  An orc skeleton (Crypt:3)
  4 orc zombies
  A quokka skeleton (D:3)
  A quokka zombie (D:10)
  6 rats
  A rat zombie (Crypt:2)
  7 ball lightnings (Pan)
  262 blocks of ice
  5 crawling corpses
  A plant (Lair:1)
  3 starspawn tentacles
  2 tentacles (Tar:7)
8376 creatures vanquished.

Vanquished Creatures (collateral kills)
  3 acid blobs (Slime:5)
  2 death oozes (Slime:5)
  A smoke demon (Zig:23)
  An orange demon (Zig:23)
  A neqoxec (Zig:23)
8 creatures vanquished.

Vanquished Creatures (others)
  An eldritch tentacle (Zot:5)
  A nagaraja (Zig:20)
  A fire giant (Vaults:5)
  An elemental wellspring (Coc:7)
  A blood saint (Pan)
  A hell beast (Zig:16)
  A death scarab (Tomb:2)
  4 hell hogs
  A death drake (Tar:1)
  A cyclops (D:13)
  A smoke demon (Pan)
  A tengu conjurer (Depths:2)
  A yaktaur (Vaults:4)
  A bloated husk (Swamp:2)
  A flying skull (Coc:7)
  2 water elementals (D:13)
  3 humans (D:12)
  2 wraiths
  A ynoxinul (Pan)
  A large abomination (Pan)
  A fire elemental (Hell)
  2 hell hounds (Tar:1)
  2 ogres
  A wight (Geh:2)
  An electric eel (D:13)
  An iron imp (Dis:7)
  5 ball lightnings (Pan)
  188 blocks of ice
  3 demonic plants (Pan)
  8 foxfires (Swamp:3)
  24 fungi
  A lurking horror (Abyss:3)
  89 plants
  12 starspawn tentacles
  2 tentacles (Tar:7)
  25 withered plants
392 creatures vanquished.

Grand Total: 8776 creatures vanquished

Notes
Turn   | Place    | Note
-------+----------+-------------------------------------------
     0 | D:5      | RaHiT the Octopode Delver began the quest for the Orb.
     0 | D:5      | Reached XP level 1. HP: 16/16 MP: 1/1
   169 | D:4      | Noticed a hound
   315 | D:5      | Found a shadowy altar of Dithmenos.
   396 | D:5      | Noticed an ice beast
   434 | D:5      | Reached XP level 2. HP: 8/21 MP: 2/2
   615 | D:5      | Noticed a sky beast
   650 | D:4      | Reached skill level 1 in Spellcasting
   650 | D:4      | Reached XP level 3. HP: 22/26 MP: 2/4
   706 | D:4      | Reached skill level 1 in Evocations
   726 | D:4      | Reached XP level 4. HP: 31/31 MP: 4/6
   755 | D:4      | Noticed an ogre
   756 | D:4      | Noticed an ogre
   782 | D:4      | Killed an ogre
   783 | D:4      | Reached XP level 5. HP: 36/36 MP: 6/8
   822 | D:4      | Killed an ogre
   823 | D:4      | Reached XP level 6. HP: 17/42 MP: 8/10
  1100 | D:2      | Noticed Jessica
  1108 | D:2      | Killed Jessica
  1141 | D:2      | Found a glowing golden altar of the Shining One.
  2712 | D:3      | Noticed Terence
  2729 | D:3      | Killed Terence
  3057 | D:3      | Reached XP level 7. HP: 29/47 MP: 11/11
  3668 | D:3      | Found a snail-covered altar of Cheibriados.
  3676 | D:3      | Became a worshipper of Cheibriados the Contemplative
  4275 | D:4      | Reached skill level 1 in Throwing
  4275 | D:4      | Reached skill level 1 in Shields
  4624 | D:5      | Reached skill level 1 in Invocations
  4624 | D:5      | Reached XP level 8. HP: 46/54 MP: 13/13
  4875 | D:6      | Found a runed translucent door.
  4882 | D:6      | Noticed Welwordion's ghost (novice SpWr)
  4954 | D:6      | Found a blossoming altar of Fedhas.
  4972 | D:6      | Reached * piety under Cheibriados
  4976 | D:6      | Found a sacrificial altar of Ru.
  5208 | D:6      | Found a white marble altar of Elyvilon.
  5210 | D:6      | Found an iron altar of Okawaru.
  5210 | D:6      | Found a glowing golden altar of the Shining One.
  5213 | D:6      | Found an ancient bone altar of Kikubaaqudgha.
  5213 | D:6      | Found a glowing golden altar of the Shining One.
  5213 | D:6      | Found a shimmering altar of Xom.
  5632 | D:7      | Noticed Prince Ribbit
  5903 | D:7      | Noticed Pikel
  5903 | D:7      | Noticed Menkaure
  5905 | D:7      | Killed Menkaure
  5908 | D:7      | Killed Pikel
  5909 | D:7      | Reached XP level 9. HP: 53/58 MP: 15/15
  6379 | D:7      | Found a staircase to the Ecumenical Temple.
  6388 | Temple   | Entered the Ecumenical Temple
  6776 | D:7      | Reached ** piety under Cheibriados
  6837 | D:7      | Found a runed translucent door.
  6838 | D:7      | Noticed Crazy Yiuf
  7026 | D:7      | Noticed Crazy Yiuf
  7026 | D:7      | Crazy Yiuf changed into Crazy Yiuf the frilled lizard
  7027 | D:7      | Killed Crazy Yiuf the frilled lizard
  7311 | D:7      | Killed Prince Ribbit
  7366 | D:7      | Found an iron altar of Okawaru.
  7695 | D:5      | Reached skill level 5 in Unarmed Combat
  7893 | D:8      | Noticed a troll
  8062 | D:8      | Reached skill level 5 in Spellcasting
  8068 | D:8      | Reached *** piety under Cheibriados
  8105 | D:8      | Identified a scroll of acquirement
  8107 | D:8      | Acquired the ring "Nyfuj" {+Fly rElec Int+6}
  8153 | D:8      | Noticed Gastronok
  8173 | D:8      | Killed Gastronok
  8174 | D:8      | Reached skill level 5 in Fighting
  8174 | D:8      | Reached skill level 5 in Throwing
  8174 | D:8      | Reached skill level 5 in Dodging
  8174 | D:8      | Reached skill level 10 in Stealth
  8174 | D:8      | Reached skill level 5 in Evocations
  8174 | D:8      | Reached XP level 10. HP: 25/66 MP: 17/17
  8461 | D:9      | Noticed a two-headed ogre
  8469 | D:9      | Killed a two-headed ogre
  8516 | D:9      | Noticed a cyclops
  8841 | D:9      | Found an opulent altar of Gozag.
  8845 | D:9      | Found a sparkling altar of Nemelex Xobeh.
  8845 | D:9      | Found a glowing silver altar of Zin.
  8845 | D:9      | Found a broken altar of Ashenzari.
  9486 | D:10     | Entered Level 10 of the Dungeon
  9505 | D:10     | Reached **** piety under Cheibriados
  9570 | D:10     | Reached XP level 11. HP: 72/72 MP: 18/18
  9585 | D:10     | Found a staircase to the Lair.
  9654 | D:10     | Noticed Erica
  9666 | D:10     | Killed Erica
  9884 | D:10     | Killed an unseen horror
 10027 | D:10     | Noticed Fannar
 10035 | D:10     | HP: 1/72 [Fannar/refrigeration (23)]
 10036 | D:10     | Killed Fannar
 10037 | D:10     | Reached skill level 5 in Shields
 10402 | D:10     | Reached ***** piety under Cheibriados
 10504 | D:10     | Noticed Snorg
 11823 | D:10     | Reached XP level 12. HP: 80/80 MP: 19/19
 11869 | Lair:1   | Entered Level 1 of the Lair of Beasts
 12089 | Lair:1   | Reached ****** piety under Cheibriados
 12324 | Lair:1   | Noticed a six-headed hydra
 12331 | Lair:1   | Killed a six-headed hydra
 12560 | Lair:1   | Noticed a six-headed hydra
 13104 | Lair:1   | Killed a six-headed hydra
 13170 | Lair:1   | Found a blossoming altar of Fedhas.
 13390 | Lair:1   | Learned a level 6 spell: Statue Form
 13813 | Lair:2   | Reached skill level 1 in Transmutations
 13813 | Lair:2   | Reached skill level 1 in Earth Magic
 13939 | Lair:2   | Found a staircase to the Swamp.
 14271 | Lair:2   | Noticed a six-headed hydra
 14298 | Lair:2   | Killed a six-headed hydra
 14299 | Lair:2   | Reached XP level 13. HP: 41/86 MP: 22/22
 14770 | Lair:3   | Reached skill level 5 in Transmutations
 14770 | Lair:3   | Reached skill level 5 in Earth Magic
 15615 | Lair:4   | Found a staircase to the Snake Pit.
 16895 | D:8      | Found a stormy altar of Qazlal.
 17011 | D:6      | Killed Welwordion's ghost
 17168 | D:8      | Found a white marble altar of Elyvilon.
 17291 | D:9      | Found a hazy altar of Hepliaklqana.
 17495 | D:10     | Killed Snorg
 17496 | D:10     | Reached XP level 14. HP: 92/92 MP: 24/24
 17865 | D:12     | Noticed Kirke
 17872 | D:12     | Killed Kirke
 18051 | D:12     | Found a staircase to the Orcish Mines.
 18192 | D:12     | Found the ring of the Octopus King
 18198 | D:12     | Got a ring of the Octopus King
 18199 | D:12     | Identified a ring of the Octopus King {rC+ AC+1 EV+1 Str+1
                  | Int+1 Dex+1} (You found it on level 12 of the Dungeon)
 18200 | D:12     | Identified Fiwkani's Volume of Creative Enchantment
 18679 | D:13     | Found Kuosaoma's Distillery.
 18683 | D:13     | Bought a potion of heal wounds for 65 gold pieces
 18683 | D:13     | Bought a potion of degeneration for 13 gold pieces
 18727 | D:13     | Found Giwafyan's Armour Shop.
 18727 | D:13     | Found Nuas's Weapon Shoppe.
 19010 | D:13     | Found a portal to a secret trove of treasure.
 20522 | D:14     | Found a gate to the Vaults.
 20769 | D:15     | Entered Level 15 of the Dungeon
 20769 | D:15     | Found a staircase to the Depths.
 20775 | D:15     | Noticed Agnes
 20780 | D:15     | Killed Agnes
 20784 | D:15     | Reached XP level 15. HP: 101/101 MP: 27/27
 20936 | D:15     | Noticed Louise
 21146 | D:15     | Cast into level 2 of the Abyss (Louise)
 21279 | Abyss:2  | Gained mutation: You are weak. (Str -2) [a neqoxec]
 21456 | Abyss:2  | Noticed a tentacled starspawn
 21462 | Abyss:2  | Killed a tentacled starspawn
 21506 | Abyss:2  | Found a corrupted altar of Lugonu.
 21584 | Abyss:2  | Paralysed by accursed screaming for 1 turns
 21711 | Abyss:2  | Noticed an Executioner
 21720 | Abyss:2  | Killed an Executioner
 21749 | Abyss:2  | Found a corrupted altar of Lugonu.
 21772 | Abyss:2  | Noticed a bone dragon
 21785 | Abyss:2  | Killed a bone dragon
 21794 | D:15     | Escaped the Abyss
 21798 | D:15     | Killed Louise
 22086 | D:15     | Noticed Rupert
 22094 | D:15     | Killed Rupert
 22119 | D:15     | Got a bone dagger
 22120 | D:15     | Identified the +5 dagger of the Abyss {drain, rN+} (You
                  | found it on level 15 of the Dungeon)
 22657 | D:15     | Learned a level 8 spell: Ignition
 22755 | Orc:1    | Entered Level 1 of the Orcish Mines
 22779 | Orc:1    | Found Unoudgha's Jewellery Boutique.
 22784 | Orc:1    | Found a flagged portal.
 22793 | Bailey   | Entered a bailey
 22894 | Bailey   | Reached skill level 1 in Fire Magic
 22908 | Bailey   | Found the ring of the Octopus King
 22908 | Bailey   | Found an iron altar of Okawaru.
 22920 | Bailey   | Reached XP level 16. HP: 108/108 MP: 29/29
 22936 | Bailey   | Got a ring of the Octopus King
 22938 | Bailey   | Identified a ring of the Octopus King {AC+1 EV+1 Str+1
                  | Int+1 Dex+1 Stlth+} (You found it in a bailey)
 23050 | Orc:1    | Bought a cursed -4 ring of intelligence for 32 gold pieces
 23290 | Orc:2    | Entered Level 2 of the Orcish Mines
 23403 | Orc:2    | Found Ciref's Jewellery Emporium.
 23427 | Orc:2    | Found a staircase to the Elven Halls.
 23817 | Orc:2    | Found Cuytie Heyd's General Store.
 23817 | Orc:2    | Found Baymoz's Antique Weapon Shoppe.
 23819 | Orc:2    | Found Beigehy's General Store.
 23819 | Orc:2    | Found Fioban's Gadget Shoppe.
 23831 | Orc:2    | Bought a tin of tremorstones (2/2) for 680 gold pieces
 23831 | Orc:2    | Bought a potion of heal wounds for 85 gold pieces
 25032 | Lair:6   | Entered Level 6 of the Lair of Beasts
 25078 | Lair:6   | Reached skill level 5 in Fire Magic
 25455 | Lair:6   | Found a staircase to the Slime Pits.
 25726 | Lair:6   | Learned a level 9 spell: Absolute Zero
 26244 | Swamp:1  | Entered Level 1 of the Swamp
 26747 | Swamp:1  | Reached XP level 17. HP: 112/112 MP: 30/30
 26770 | Swamp:1  | Noticed Nikola
 26787 | Swamp:1  | Killed Nikola
 28007 | Swamp:3  | Identified Roxanne's Catalogue of the Mountains
 28007 | Swamp:3  | Noticed Roxanne
 28017 | Swamp:3  | Killed Roxanne
 28100 | Swamp:3  | Reached skill level 10 in Invocations
 28100 | Swamp:3  | Reached skill level 10 in Evocations
 28281 | Swamp:3  | Reached skill level 10 in Transmutations
 28284 | Swamp:3  | Reached skill level 10 in Fire Magic
 28284 | Swamp:3  | Reached skill level 10 in Earth Magic
 28791 | Swamp:4  | Entered Level 4 of the Swamp
 29268 | Swamp:4  | Noticed the 27-headed Lernaean hydra
 29272 | Swamp:4  | Reached XP level 18. HP: 119/119 MP: 31/31
 29272 | Swamp:4  | Killed the 27-headed Lernaean hydra
 29371 | Swamp:4  | Got a decaying rune of Zot
 29721 | Snake:1  | Entered Level 1 of the Snake Pit
 29906 | Snake:1  | Noticed Aizul
 29916 | Snake:1  | Killed Aizul
 30050 | Snake:1  | Found Oniceamaz's Jewellery Shoppe.
 30052 | Snake:1  | Found Jadutz's Magic Scroll Emporium.
 30055 | Snake:1  | Found Jimimeef's Gadget Shoppe.
 30058 | Snake:1  | Bought the ring of Gozag's Reproof {rElec rPois Will++} for
                  | 720 gold pieces
 30058 | Snake:1  | Bought the ring of Baczaq {+Blink Slay+3 SInv} for 707 gold
                  | pieces
 31573 | Snake:2  | Noticed Donald
 31583 | Snake:2  | Killed Donald
 31640 | Snake:3  | Reached skill level 10 in Dodging
 31642 | Snake:3  | Reached skill level 10 in Fighting
 31645 | Snake:3  | Reached skill level 10 in Throwing
 31677 | Snake:3  | Noticed Saint Roka
 31681 | Snake:3  | Reached skill level 10 in Shields
 31681 | Snake:3  | Reached skill level 10 in Unarmed Combat
 31727 | Snake:3  | Killed Saint Roka
 32228 | Snake:3  | Found Riuk Ati's Antique Armour Shoppe.
 32228 | Snake:3  | Found Sust's Antique Weapon Emporium.
 32230 | Snake:3  | Found Ifekidgha's Gadget Emporium.
 32231 | Snake:3  | Found Alaor's Antique Weapon Shoppe.
 32562 | Snake:4  | Entered Level 4 of the Snake Pit
 32577 | Snake:4  | Noticed Vashnia
 32600 | Snake:4  | Reached XP level 19. HP: 53/127 MP: 32/32
 32603 | Snake:4  | Killed Vashnia
 33930 | Snake:4  | Found Idiuclex's Mayhem Merchandise.
 34306 | Snake:4  | Reached XP level 20. HP: 45/135 MP: 27/33
 34324 | Snake:4  | Got a serpentine rune of Zot
 35198 | Elf:1    | Entered Level 1 of the Elven Halls
 35489 | Elf:1    | Found Zoamall's Distillery.
 35939 | Elf:2    | Identified the ring of Wesa {rC- rCorr Int+3 Stlth+} (You
                  | found it on level 2 of the Elven Halls)
 36095 | Elf:2    | Found Ilesew's Jewellery Shop.
 36127 | Elf:2    | Reached skill level 10 in Spellcasting
 36409 | Elf:2    | Found a runed translucent gate.
 36416 | Elf:2    | Found a runed translucent gate.
 36416 | Elf:2    | Found a runed translucent gate.
 36912 | Elf:3    | Entered Level 3 of the Elven Halls
 37241 | Elf:3    | Reached XP level 21. HP: 140/140 MP: 36/36
 37635 | Elf:3    | Identified the ring "Siluejue" {EV+4 Str+5}
 37665 | Elf:3    | Identified the cursed +3 short sword of Iceggeoviof {elec,
                  | +Rage +Fly}
 37665 | Elf:3    | Identified the ring "Ligag" {Fire rElec Int+4}
 37883 | Elf:3    | Found the +3 Elemental Staff {rElec rF++ rC++ Will++ AC+5}
 37886 | Elf:3    | Identified the Disquisition on Changing
 37889 | Elf:3    | Identified the Handbook of the Big Bang
 37899 | Elf:3    | Identified the Tome of Spatial Feathers
 38576 | Vaults:1 | Entered Level 1 of the Vaults
 39287 | Vaults:1 | Identified the +5 quarterstaff of Death {protect, Int+2}
                  | (You found it on level 1 of the Vaults)
 40144 | Vaults:2 | Reached XP level 22. HP: 148/148 MP: 37/37
 40172 | Vaults:2 | Found Falyo's Jewellery Boutique.
 40370 | Vaults:2 | Identified the +4 spear of the Shouting Saviour {holy,
                  | *Slow rElec rPois rN++}
 41403 | Vaults:3 | Found a staircase to the Crypt.
 41403 | Vaults:3 | Found a basalt altar of Yredelemnul.
 41404 | Vaults:3 | Found an ancient bone altar of Kikubaaqudgha.
 42143 | Vaults:4 | Found the brooch of Shielding {Spirit SH+8}
 42377 | Vaults:4 | Reached XP level 23. HP: 153/153 MP: 39/39
 42463 | Vaults:4 | Reached skill level 15 in Evocations
 42629 | Vaults:4 | Found a runed translucent door.
 42876 | Vaults:4 | Found a roughly hewn altar of Beogh.
 42947 | Vaults:4 | Noticed TuffENuff's ghost (veteran FoFi)
 42963 | Vaults:4 | Killed TuffENuff's ghost
 42973 | Vaults:4 | Got a warped lead amulet
 42974 | Vaults:4 | Identified the amulet "Assasoa" {Inacc rN+ Int+9 Stlth+}
                  | (You found it on level 4 of the Vaults)
 43132 | Vaults:5 | Entered Level 5 of the Vaults
 43144 | Vaults:5 | Reached skill level 1 in Ice Magic
 43674 | Vaults:5 | Identified the ring of Xom's Best Wishes {rElec rF+ MP+9
                  | Int+2 Dex-2}
 43676 | Vaults:5 | Noticed a golden dragon
 43685 | Vaults:5 | Killed a golden dragon
 43883 | Vaults:5 | Noticed a golden dragon
 43884 | Vaults:5 | Noticed a golden dragon
 43885 | Vaults:5 | Identified the +3 hand axe "Ofemis" {holy, Str+6}
 43885 | Vaults:5 | Identified the +9 halberd "Gacimeh" {pain, *Corrode +Rage
                  | Dex+8 Stlth+}
 43896 | Vaults:5 | Killed a golden dragon
 43902 | Vaults:5 | Killed a golden dragon
 43913 | Vaults:5 | Reached XP level 24. HP: 148/162 MP: 39/39
 44009 | Vaults:5 | Identified the amulet "Myfieboc" {Reflect Dex+8 Slay-4
                  | SH+5}
 44046 | Vaults:5 | Identified the cursed +1 morningstar of Greatest Utility
                  | {speed, Str-2 Int+2 Dex+2 SInv}
 44046 | Vaults:5 | Identified the +1 robe of Analysis {Rampage +Blink rC+}
 44105 | Vaults:5 | Noticed an ancient lich
 44116 | Vaults:5 | Killed an ancient lich
 44358 | Vaults:5 | Identified the +5 scimitar of Doom {antimagic, Int+8 Dex-4}
 44416 | Vaults:5 | Reached skill level 5 in Ice Magic
 44639 | Vaults:5 | Identified the Collected Works on Quantum Venom
 44826 | Vaults:5 | Got a silver rune of Zot
 45276 | Depths:1 | Entered Level 1 of the Depths
 45617 | Depths:1 | Reached skill level 15 in Fire Magic
 46039 | Depths:1 | Found a gateway to Hell.
 46369 | Depths:2 | Noticed Sojobo
 46384 | Depths:2 | Killed Sojobo
 46506 | Depths:2 | Found a transporter.
 46508 | Depths:2 | Found a transporter.
 46508 | Depths:2 | Found a corrupted altar of Lugonu.
 46682 | Depths:2 | You fall into a shaft and drop 2 floors!
 46682 | Depths:4 | Found a gateway to a ziggurat.
 46855 | Depths:3 | Reached XP level 25. HP: 169/169 MP: 40/40
 46911 | Depths:3 | Noticed Xtahua
 46920 | Depths:3 | Killed Xtahua
 47111 | Depths:2 | Got a twitching bone ring
 47114 | Depths:2 | Identified the ring "Deronos" {Fire rElec Will+ Str+5} (You
                  | found it on level 2 of the Depths)
 47475 | Depths:2 | Found a one-way gate to the infinite horrors of the Abyss.
 47927 | Depths:3 | Found a one-way gate leading to the halls of Pandemonium.
 48104 | Depths:3 | Learned a level 6 spell: Ozocubu's Refrigeration
 48122 | Depths:4 | Reached skill level 15 in Transmutations
 48350 | Depths:4 | Noticed Boris
 48355 | Depths:4 | Killed Boris
 48512 | Depths:4 | Reached XP level 26. HP: 175/175 MP: 41/41
 48860 | Depths:4 | Reached skill level 10 in Ice Magic
 48861 | Depths:4 | Reached skill level 15 in Dodging
 48861 | Depths:4 | Reached skill level 15 in Shields
 49091 | Depths:5 | Entered Level 5 of the Depths
 49327 | Depths:5 | Found a gate to the Realm of Zot.
 49741 | Depths:5 | Found Nigarue's Jewellery Boutique.
 49741 | Depths:5 | Found Beti's Gadget Emporium.
 49742 | Depths:5 | Found Raipein's Gadget Emporium.
 50046 | Depths:5 | Identified the cursed +0 demon whip of Analysis {elec, rF+}
                  | (You found it on level 5 of the Depths)
 50126 | Hell     | Entered the Vestibule of Hell
 50126 | Hell     | Noticed Geryon
 50141 | Hell     | Killed Geryon
 50219 | Hell     | Reached XP level 27. HP: 91/180 MP: 27/41
 50564 | Hell     | Found a gateway to the decaying netherworld of Tartarus.
 50625 | Hell     | Found a gateway to the freezing wastes of Cocytus.
 50677 | Hell     | Found a gateway to the Iron City of Dis.
 50752 | Hell     | Found a gateway to the ashen valley of Gehenna.
 51168 | Crypt:1  | Entered Level 1 of the Crypt
 52129 | Crypt:2  | Noticed Margery
 52139 | Crypt:2  | Killed Margery
 52140 | Crypt:2  | Reached skill level 15 in Ice Magic
 53319 | Crypt:3  | Entered Level 3 of the Crypt
 53710 | Crypt:3  | Acquired the ring of Kikubaaqudgha's Pride {+Blink rCorr}
 53788 | Crypt:3  | Identified Wona's Collected Works on Flight and Creation
 53794 | Crypt:3  | Identified the +4 hunting sling of Calamity {freeze, Str+4}
                  | (You found it on level 3 of the Crypt)
 53901 | Crypt:3  | Found a staircase to the Tomb.
 53942 | Crypt:3  | Learned a level 1 spell: Apportation
 54029 | Crypt:3  | Noticed an ancient lich
 54036 | Crypt:3  | Killed an ancient lich
 54469 | Crypt:3  | Found an ancient bone altar of Kikubaaqudgha.
 54513 | Crypt:3  | Noticed an ancient lich
 54519 | Crypt:3  | Killed an ancient lich
 54526 | Crypt:3  | Identified Leenlif's Compendium of the Creative Compass
 54693 | Tomb:1   | Entered Level 1 of the Tomb of the Ancients
 54821 | Tomb:1   | Noticed a royal mummy
 54828 | Tomb:1   | Killed a royal mummy
 55065 | Tomb:1   | Reached skill level 15 in Unarmed Combat
 56434 | Slime:1  | Entered Level 1 of the Pits of Slime
 56629 | Slime:2  | Gained mutation: You are frail. (-10% HP) [a shining eye]
 56757 | Slime:2  | Gained mutation: You do not regenerate when monsters are
                  | visible. [a shining eye]
 56882 | Slime:2  | Reached skill level 15 in Spellcasting
 56956 | Slime:3  | Gained mutation: Your magical capacity is low. (-10% MP) [a
                  | shining eye]
 56958 | Slime:3  | Gained mutation: Your spells are a little easier to cast,
                  | but a little less powerful. [a shining eye]
 56967 | Slime:3  | You fall into a shaft and drop 1 floor!
 57047 | Slime:3  | Gained mutation: You are clumsy. (Dex -2) [a shining eye]
 57076 | Slime:3  | Reached skill level 15 in Fighting
 57212 | Slime:5  | Entered Level 5 of the Pits of Slime
 57340 | Slime:3  | Gained mutation: You are occasionally teleported next to
                  | monsters. [a shining eye]
 57341 | Slime:3  | Gained mutation: You are very frail. (-20% HP) [a shining
                  | eye]
 57341 | Slime:3  | Gained mutation: Scrolls take you a little longer to read.
                  | [a shining eye]
 57342 | Slime:3  | Gained mutation: You occasionally shout uncontrollably at
                  | your foes. [a shining eye]
 57674 | Slime:5  | Noticed the Royal Jelly
 57680 | Slime:5  | Killed the Royal Jelly
 57831 | Slime:5  | Identified the +10 great sword of the Equinox {vorpal, rC+
                  | rN+} (You found it on level 5 of the Pits of Slime)
 57835 | Slime:5  | Identified the +9 broad axe of Gallantry {elec, *Contam rN+
                  | Will+ Int+4} (You found it on level 5 of the Pits of Slime)
 57847 | Slime:5  | Got a slimy rune of Zot
 57855 | Slime:5  | Identified the Handbook of the Icy Traveller
 57875 | Slime:5  | Identified the amulet "Ucurread" {Reflect rC- rN+ MP+9
                  | Slay+5 SH+5} (You found it on level 5 of the Pits of Slime)
 57925 | Slime:5  | Identified the amulet "Tieggu Lael" {Spirit rElec rF+
                  | Will+} (You found it on level 5 of the Pits of Slime)
 57985 | Slime:5  | Lost mutation: You are very frail. (-20% HP) [potion of
                  | mutation]
 57985 | Slime:5  | Lost mutation: You are weak. (Str -2) [potion of mutation]
 57985 | Slime:5  | Lost mutation: Scrolls take you a little longer to read.
                  | [potion of mutation]
 57985 | Slime:5  | Lost mutation: Your spells are a little easier to cast, but
                  | a little less powerful. [potion of mutation]
 57985 | Slime:5  | Gained mutation: You sometimes yell uncontrollably at your
                  | foes. [potion of mutation]
 57985 | Slime:5  | Gained mutation: Your system is resistant to poisons.
                  | (rPois) [potion of mutation]
 57985 | Slime:5  | Gained mutation: Your mind is acute. (Int +2) [potion of
                  | mutation]
 57986 | Slime:5  | Lost mutation: Your magical capacity is low. (-10% MP)
                  | [potion of mutation]
 57986 | Slime:5  | Lost mutation: Your system is resistant to poisons. (rPois)
                  | [potion of mutation]
 57986 | Slime:5  | Gained mutation: One of your tentacles bears a spike.
                  | [potion of mutation]
 57986 | Slime:5  | Gained mutation: Your flesh is cold resistant. (rC+)
                  | [potion of mutation]
 57986 | Slime:5  | Lost mutation: You sometimes yell uncontrollably at your
                  | foes. [potion of mutation]
 57986 | Slime:5  | Gained mutation: Your mind is very acute. (Int +4) [potion
                  | of mutation]
 57987 | Slime:5  | Lost mutation: You are frail. (-10% HP) [potion of
                  | mutation]
 57987 | Slime:5  | Lost mutation: You are occasionally teleported next to
                  | monsters. [potion of mutation]
 57987 | Slime:5  | Lost mutation: Your flesh is cold resistant. (rC+) [potion
                  | of mutation]
 57987 | Slime:5  | Lost mutation: Your mind is very acute. (Int +4) [potion of
                  | mutation]
 57987 | Slime:5  | Gained mutation: You expend magic power (3 MP) to
                  | strengthen your wands. [potion of mutation]
 57987 | Slime:5  | Gained mutation: Your mind is very acute. (Int +4) [potion
                  | of mutation]
 57988 | Slime:5  | Lost mutation: You do not regenerate when monsters are
                  | visible. [potion of mutation]
 57988 | Slime:5  | Lost mutation: Your mind is very acute. (Int +4) [potion of
                  | mutation]
 57988 | Slime:5  | Gained mutation: One of your tentacles bears a nasty spike.
                  | [potion of mutation]
 57988 | Slime:5  | Gained mutation: You are resistant to electric shocks.
                  | (rElec) [potion of mutation]
 57989 | Slime:5  | Lost mutation: One of your tentacles bears a nasty spike.
                  | [potion of mutation]
 57989 | Slime:5  | Lost mutation: You occasionally shout uncontrollably at
                  | your foes. [potion of mutation]
 57989 | Slime:5  | Gained mutation: You are robust. (+10% HP) [potion of
                  | mutation]
 57989 | Slime:5  | Gained mutation: Scrolls take you a little longer to read.
                  | [potion of mutation]
 57989 | Slime:5  | Gained mutation: Your flesh is heat resistant. (rF+)
                  | [potion of mutation]
 57989 | Slime:5  | Gained mutation: You are somewhat resistant to further
                  | mutation. [potion of mutation]
 58463 | Geh:1    | Entered Level 1 of Gehenna
 60053 | Geh:3    | You fall into a shaft and drop 1 floor!
 63646 | Zot:1    | Entered Level 1 of the Realm of Zot
 64741 | Zot:2    | Acquired the ring of Zurch {rF+ Str+2 Int+3 SInv}
 66704 | Zot:4    | Acquired 571 gold pieces
 67561 | Zot:5    | Entered Level 5 of the Realm of Zot
 68491 | Zot:5    | Noticed an ancient lich
 68495 | Zot:5    | Noticed an ancient lich
 68497 | Zot:5    | Killed an ancient lich
 68499 | Zot:5    | Killed an ancient lich
 68680 | Zot:5    | Noticed an orb of fire
 68685 | Zot:5    | Killed an orb of fire
 68761 | Zot:5    | Noticed an orb of fire
 68766 | Zot:5    | Killed an orb of fire
 68782 | Zot:5    | Noticed an ancient lich
 68787 | Zot:5    | Killed an ancient lich
 68903 | Zot:5    | Reached skill level 15 in Earth Magic
 69270 | Depths:4 | Voluntarily entered the Abyss.
 70107 | Abyss:3  | Paralysed by accursed screaming for 2 turns
 70131 | Abyss:3  | Got an abyssal rune of Zot
 70454 | Depths:4 | Escaped the Abyss
 70610 | D:13     | You showed the abyssal rune of Zot to enter a treasure
                  | trove
 70611 | Trove    | Entered a treasure trove
 70616 | Trove    | Got a clouded amber ring
 70619 | Trove    | Identified the ring "Vuroxt" {Dex+4 SInv} (You found it in
                  | a treasure trove)
 70631 | Trove    | Got a sparkling copper ring
 70634 | Trove    | Identified the ring "Ovvy" {rC+ SInv} (You found it in a
                  | treasure trove)
 70640 | Trove    | Got a pitted platinum ring
 70643 | Trove    | Identified the ring "Ucegubbi" {rElec rF++ rC- Str+4 Dex+6}
                  | (You found it in a treasure trove)
 70645 | Trove    | Got a steaming gossamer ring
 70648 | Trove    | Identified the ring "Upahasua" {Int+3 Dex+6} (You found it
                  | in a treasure trove)
 70650 | Trove    | Got a coiled ivory ring
 70653 | Trove    | Identified the ring "Jucsot" {Dex+6 Slay+3} (You found it
                  | in a treasure trove)
 70656 | Trove    | Identified the ring of Igabome {*Slow MP+9 Str+6} (You
                  | found it in a treasure trove)
 70663 | Trove    | Identified the ring of Siozait {rPois Int+4 SInv} (You
                  | found it in a treasure trove)
 70666 | Trove    | Identified the amulet "Sustrai" {RegenMP +Inv rN+ Str+5}
                  | (You found it in a treasure trove)
 70673 | Trove    | Identified the ring "Uffo" {Str+3 SInv} (You found it in a
                  | treasure trove)
 70705 | D:13     | Learned a level 9 spell: Shatter
 70861 | Tar:1    | Entered Level 1 of Tartarus
 72985 | Tar:3    | Reached skill level 15 in Throwing
 74903 | Tar:5    | Noticed an ancient lich
 74905 | Tar:5    | Killed an ancient lich
 75432 | Tar:6    | Reached skill level 15 in Stealth
 76150 | Tar:7    | Entered Level 7 of Tartarus
 77076 | Tar:7    | Identified the ring "Fupluehoi" {*Drain rF+ rN+ Int+3
                  | Stlth+} (You found it on level 7 of Tartarus)
 77692 | Tar:7    | Noticed Ereshkigal
 77727 | Tar:7    | Killed Ereshkigal
 77728 | Tar:7    | Reached skill level 27 in Stealth
 77750 | Tar:7    | Got a bone rune of Zot
 78138 | Dis:1    | Entered Level 1 of the Iron City of Dis
 82331 | Dis:7    | Entered Level 7 of the Iron City of Dis
 82874 | Dis:7    | Found the ring of the Octopus King
 82881 | Dis:7    | Identified a ring of the Octopus King {Wiz AC+1 EV+1 Str+1
                  | Int+1 Dex+1} (You found it on level 7 of the Iron City of
                  | Dis)
 82886 | Dis:7    | Got a flickering lapis lazuli ring
 82889 | Dis:7    | Identified the ring of Leamnuov {Wiz rN+ Will- Stlth+} (You
                  | found it on level 7 of the Iron City of Dis)
 83916 | Dis:7    | Found the +4 staff of Dispater
 83916 | Dis:7    | Noticed Dispater
 83918 | Dis:7    | Killed Dispater
 83940 | Dis:7    | Found the +5 sword of Power {vorpal}
 83995 | Dis:7    | Got an iron rune of Zot
 84291 | Geh:7    | Entered Level 7 of Gehenna
 84701 | Geh:7    | Noticed the Serpent of Hell
 84702 | Geh:7    | Killed the Serpent of Hell
 84820 | Geh:7    | Found the +7 sceptre of Asmodeus
 84820 | Geh:7    | Noticed Asmodeus
 84822 | Geh:7    | Killed Asmodeus
 84830 | Geh:7    | Got an obsidian rune of Zot
 85104 | Coc:1    | Entered Level 1 of Cocytus
 85992 | Coc:7    | Entered Level 7 of Cocytus
 86237 | Coc:7    | Reached skill level 27 in Evocations
 86325 | Coc:7    | Noticed Antaeus
 86333 | Coc:7    | Killed Antaeus
 86393 | Coc:7    | Got an icy rune of Zot
 86957 | Pan      | Entered Pandemonium
 87080 | Pan      | Found an exit through the horrors of the Abyss.
 87371 | Pan      | Found a runed translucent door.
 87374 | Pan      | Noticed Ebrygh the pandemonium lord
 87377 | Pan      | Found a runed translucent door.
 87388 | Pan      | Killed Ebrygh the pandemonium lord
 87392 | Pan      | Found a runed translucent door.
 87392 | Pan      | Found a runed translucent door.
 87502 | Pan      | Reached skill level 27 in Spellcasting
 87609 | Pan      | Entered the realm of Gloorx Vloq.
 88165 | Pan      | Noticed Gloorx Vloq
 88166 | Pan      | Killed Gloorx Vloq
 88180 | Pan      | Got a dark rune of Zot
 89013 | Pan      | Noticed Utaoh the pandemonium lord
 89014 | Pan      | Killed Utaoh the pandemonium lord
 89164 | Pan      | Entered the realm of Cerebov.
 89620 | Pan      | Identified the +3 morningstar "Ysistuni" {vorpal, *Contam
                  | +Rage rPois}
 89653 | Pan      | Identified the +3 chain mail "Acyajuaf" {rElec Will++}
 89696 | Pan      | Found the +6 sword of Cerebov {flame}
 89696 | Pan      | Noticed Cerebov
 89737 | Pan      | Identified the Tome of Shifting Envenoming
 89775 | Pan      | Learned a level 2 spell: Sublimation of Blood
 89790 | Pan      | Got an ancient lead amulet
 89793 | Pan      | Identified the amulet of Generosity {Inacc Int+3} (You
                  | found it in Pandemonium)
 89820 | Pan      | Reached skill level 1 in Necromancy
 89854 | Pan      | Killed Cerebov
 89910 | Pan      | Got a fiery rune of Zot
 89953 | Pan      | Identified the +5 chain mail of Fedhas's Supremacy {-Tele
                  | rF+ Int+3}
 89967 | Pan      | Reached skill level 5 in Necromancy
 90097 | Pan      | Noticed Napp the pandemonium lord
 90099 | Pan      | Killed Napp the pandemonium lord
 90897 | Pan      | Noticed Wojedago the pandemonium lord
 90907 | Pan      | Killed Wojedago the pandemonium lord
 90917 | Pan      | Got a demonic rune of Zot
 90935 | Pan      | Found an exit through the horrors of the Abyss.
 90965 | Pan      | Noticed Luucal the pandemonium lord
 90975 | Pan      | Killed Luucal the pandemonium lord
 91013 | Pan      | Noticed Mennas
 91024 | Pan      | Killed Mennas
 91025 | Pan      | Reached skill level 10 in Necromancy
 91812 | Pan      | Noticed Geos the pandemonium lord
 91817 | Pan      | Killed Geos the pandemonium lord
 92036 | Pan      | Found an exit through the horrors of the Abyss.
 92162 | Pan      | Found an exit through the horrors of the Abyss.
 92591 | Pan      | Found a transporter.
 92669 | Pan      | Found a transporter.
 92801 | Pan      | Acquired the ring "Set Xala" {rElec rC+ Int+6}
 92918 | Pan      | Identified the ring of Moifauk {+Fly Stlth+} (You found it
                  | in Pandemonium)
 93098 | Pan      | Found an exit through the horrors of the Abyss.
 93245 | Pan      | Found a huge runed translucent gate.
 93245 | Pan      | Found a huge runed translucent gate.
 93246 | Pan      | Found a huge runed translucent gate.
 93246 | Pan      | Found a huge runed translucent gate.
 93246 | Pan      | Found a huge runed translucent gate.
 93246 | Pan      | Found a huge runed translucent gate.
 93247 | Pan      | Found a huge runed translucent gate.
 93247 | Pan      | Found a huge runed translucent gate.
 93247 | Pan      | Found a huge runed translucent gate.
 93247 | Pan      | Found a huge runed translucent gate.
 93247 | Pan      | Found a huge runed translucent gate.
 93247 | Pan      | Found a huge runed translucent gate.
 93247 | Pan      | Found a huge runed translucent gate.
 93248 | Pan      | Found a huge runed translucent gate.
 93248 | Pan      | Noticed Soceobut the pandemonium lord
 93251 | Pan      | Acquired 790 gold pieces
 93252 | Pan      | Found a huge runed translucent gate.
 93253 | Pan      | Found a huge runed translucent gate.
 93253 | Pan      | Found a huge runed translucent gate.
 93255 | Pan      | Identified the +8 dagger of the Maze {flame, Fragile rPois
                  | rN+}
 93264 | Pan      | Killed Soceobut the pandemonium lord
 93681 | Pan      | Noticed Pioceph the pandemonium lord
 93686 | Pan      | Killed Pioceph the pandemonium lord
 93715 | Pan      | Reached skill level 15 in Necromancy
 93984 | Pan      | Reached skill level 27 in Fighting
 94332 | Pan      | Found an exit through the horrors of the Abyss.
 94390 | Pan      | Identified the +11 flail of Psychosis {vorpal, rPois rC+}
 94707 | Pan      | Noticed Doxoc the pandemonium lord
 94708 | Pan      | Killed Doxoc the pandemonium lord
 94727 | Pan      | Identified the Grimoire of Feathers
 95021 | Pan      | Found a transporter.
 95104 | Pan      | Found an exit through the horrors of the Abyss.
 95108 | Pan      | Found a transporter.
 95142 | Pan      | Identified the Volume of the Birds
 95160 | Pan      | Acquired the ring "Kaineg" {rElec rC+ Dex+6}
 95171 | Pan      | Identified the amulet "Omaic" {RegenMP rElec rPois rC-
                  | Stlth+} (You found it in Pandemonium)
 95181 | Pan      | Identified the ring "Cuowk" {Fire Str-5 Int+6} (You found
                  | it in Pandemonium)
 95248 | Pan      | Entered the realm of Mnoleg.
 95295 | Pan      | Gained mutation: Scrolls take you longer to read. [a
                  | cacodemon]
 95311 | Pan      | Noticed Mnoleg
 95313 | Pan      | Killed Mnoleg
 95332 | Pan      | Gained mutation: You are weak. (Str -2) [a neqoxec]
 95378 | Pan      | Got a glowing rune of Zot
 95542 | Pan      | Gained mutation: Your spells are a little easier to cast,
                  | but a little less powerful. [a cacodemon]
 95561 | Pan      | Found an exit through the horrors of the Abyss.
 95854 | Pan      | Found an exit through the horrors of the Abyss.
 95991 | Pan      | Noticed Heigule the pandemonium lord
 95995 | Pan      | Killed Heigule the pandemonium lord
 96094 | Pan      | Entered the realm of Lom Lobon.
 96118 | Pan      | Noticed Lom Lobon
 96121 | Pan      | Killed Lom Lobon
 96154 | Pan      | Got a magical rune of Zot
 96429 | Pan      | Acquired a manual of Invocations
 97032 | Pan      | Noticed Posimugum the pandemonium lord
 97040 | Pan      | Killed Posimugum the pandemonium lord
 97473 | Pan      | Found an exit through the horrors of the Abyss.
 97712 | Pan      | Noticed Xoax the pandemonium lord
 97724 | Pan      | Killed Xoax the pandemonium lord
 98008 | Depths:3 | Escaped Pandemonium
 98590 | Tomb:1   | Noticed a royal mummy
 98590 | Tomb:1   | Noticed a royal mummy
 98590 | Tomb:1   | Noticed a royal mummy
 98593 | Tomb:1   | Killed a royal mummy
 98596 | Tomb:1   | Killed a royal mummy
 98598 | Tomb:1   | Killed a royal mummy
 98602 | Tomb:1   | Noticed a royal mummy
 98603 | Tomb:1   | Killed a royal mummy
 98613 | Tomb:1   | Noticed a royal mummy
 98617 | Tomb:1   | Noticed a royal mummy
 98624 | Tomb:1   | Killed a royal mummy
 98630 | Tomb:1   | Killed a royal mummy
 98824 | Tomb:1   | Noticed a royal mummy
 98827 | Tomb:1   | Killed a royal mummy
 98831 | Tomb:1   | Noticed a royal mummy
 98833 | Tomb:1   | Killed a royal mummy
 98942 | Tomb:1   | Noticed a royal mummy
 98944 | Tomb:1   | Killed a royal mummy
 98982 | Tomb:1   | Noticed a royal mummy
 98987 | Tomb:1   | Killed a royal mummy
 98989 | Tomb:1   | Noticed a royal mummy
 98991 | Tomb:1   | Noticed a royal mummy
 98993 | Tomb:1   | Killed a royal mummy
 98997 | Tomb:1   | Killed a royal mummy
 98997 | Tomb:1   | Noticed a royal mummy
 98997 | Tomb:1   | Noticed a royal mummy
 98999 | Tomb:1   | Killed a royal mummy
 99004 | Tomb:1   | Killed a royal mummy
 99537 | Tomb:2   | Noticed a royal mummy
 99538 | Tomb:2   | Noticed a royal mummy
 99538 | Tomb:2   | Noticed an ancient lich
 99541 | Tomb:2   | Noticed an ancient lich
 99548 | Tomb:2   | Killed a royal mummy
 99549 | Tomb:2   | Killed a royal mummy
 99550 | Tomb:2   | Killed an ancient lich
 99552 | Tomb:2   | Killed an ancient lich
 99568 | Tomb:2   | HP: 14/319 [something (24)]
 99685 | Tomb:2   | Noticed Boris
 99689 | Tomb:2   | Killed Boris
100548 | Tomb:3   | Entered Level 3 of the Tomb of the Ancients
100564 | Tomb:3   | Noticed a royal mummy
100565 | Tomb:3   | Reached skill level 27 in Unarmed Combat
100568 | Tomb:3   | Noticed a royal mummy
100572 | Tomb:3   | Killed a royal mummy
100572 | Tomb:3   | Killed a royal mummy
100573 | Tomb:3   | Noticed a royal mummy
100574 | Tomb:3   | Noticed a royal mummy
100578 | Tomb:3   | HP: 10/319 [flayed ghost[a mummy priest] (10)]
100578 | Tomb:3   | HP: 2/319 [red devil/+0 trident[a mummy priest] (8)]
100582 | Tomb:3   | Noticed a royal mummy
100584 | Tomb:3   | Noticed a royal mummy
100586 | Tomb:3   | Killed a royal mummy
100591 | Tomb:3   | Noticed a royal mummy
100591 | Tomb:3   | Noticed a royal mummy
100610 | Tomb:3   | Killed a royal mummy
100610 | Tomb:3   | Killed a royal mummy
100610 | Tomb:3   | Killed a royal mummy
100610 | Tomb:3   | HP: 2/319 [something (23)]
100610 | Tomb:3   | Noticed a royal mummy
100640 | Tomb:3   | Killed a royal mummy
100941 | Tomb:3   | Killed a royal mummy
100944 | Tomb:3   | Got a golden rune of Zot
100996 | Tomb:3   | Found the +1 cloak of Starlight {*Dazzle EV+4 Stlth--}
101018 | Tomb:3   | Killed a royal mummy
101192 | Tomb:3   | Identified the +5 kite shield of the Orb {rElec Will+ rCorr
                  | Dex+3} (You found it on level 3 of the Tomb of the
                  | Ancients)
101209 | Tomb:3   | Acquired RaHiT's Incunabulum of Sinister Rites
101283 | Tomb:3   | Identified the Grimoire of Poisonous Black Magic
101290 | Tomb:3   | Identified the ring "Azokku" {Wiz Int+4 Dex+6} (You found
                  | it on level 3 of the Tomb of the Ancients)
101293 | Tomb:3   | Identified the Guide on the Hurtful Glacier
101296 | Tomb:3   | Identified Yviemaricu's Volume of Scorching Snow
101303 | Tomb:3   | Identified the amulet of Vus Sok {Reflect +Blink rC+ Str+2
                  | Int-5 SH+5} (You found it on level 3 of the Tomb of the
                  | Ancients)
101325 | Tomb:3   | Lost mutation: You are somewhat resistant to further
                  | mutation. [potion of mutation]
101325 | Tomb:3   | Lost mutation: Your mind is acute. (Int +2) [potion of
                  | mutation]
101325 | Tomb:3   | Lost mutation: Scrolls take you longer to read. [potion of
                  | mutation]
101325 | Tomb:3   | Lost mutation: Your spells are a little easier to cast, but
                  | a little less powerful. [potion of mutation]
101325 | Tomb:3   | Gained mutation: You possess an exceptional clarity of
                  | mind. [potion of mutation]
101326 | Tomb:3   | Lost mutation: Your flesh is heat resistant. (rF+) [potion
                  | of mutation]
101326 | Tomb:3   | Lost mutation: One of your tentacles bears a spike. [potion
                  | of mutation]
101326 | Tomb:3   | Lost mutation: Scrolls take you a little longer to read.
                  | [potion of mutation]
101326 | Tomb:3   | Lost mutation: You expend magic power (3 MP) to strengthen
                  | your wands. [potion of mutation]
101326 | Tomb:3   | Gained mutation: You are partially covered in icy blue
                  | scales. (AC +2) [potion of mutation]
101326 | Tomb:3   | Gained mutation: Your spells are a little harder to cast,
                  | but a little more powerful. [potion of mutation]
101334 | Zig:1    | Entered Level 1 of a ziggurat
101346 | Zig:2    | Entered Level 2 of a ziggurat
101368 | Zig:3    | Entered Level 3 of a ziggurat
101387 | Zig:3    | Acquired a Necronomicon
101399 | Zig:3    | Learned a level 9 spell: Death's Door
101408 | Zig:3    | Learned a level 8 spell: Necromutation
101413 | Zig:4    | Entered Level 4 of a ziggurat
101413 | Zig:4    | Found the +7 lajatang of Order {silver, rMut}
101427 | Zig:5    | Entered Level 5 of a ziggurat
101447 | Zig:6    | Entered Level 6 of a ziggurat
101463 | Zig:6    | Identified the cursed -6 tower shield of Resilience {rN+
                  | Int+6 Dex-4} (You found it on level 6 of a ziggurat)
101464 | Zig:6    | Identified Uhyustus's Guide on Evil Rituals
101468 | Zig:7    | Entered Level 7 of a ziggurat
101520 | Zig:8    | Entered Level 8 of a ziggurat
101548 | Zig:8    | Identified the Handbook of the Bewitching Blaze
101552 | Zig:9    | Entered Level 9 of a ziggurat
101574 | Zig:9    | Identified the Collected Works on Battle Magic
101590 | Zig:10   | Entered Level 10 of a ziggurat
101613 | Zig:10   | Identified the ring of Intercession {rF+ Str+4 Stlth-} (You
                  | found it on level 10 of a ziggurat)
101616 | Zig:10   | Identified the ring of Pesor {*Tele Dex-2 Slay+4} (You
                  | found it on level 10 of a ziggurat)
101623 | Zig:11   | Entered Level 11 of a ziggurat
101632 | Zig:11   | Found the ring of the Octopus King
101634 | Zig:11   | Found the ring of the Mage {Wiz Will++ Int+3}
101656 | Zig:11   | Identified a ring of the Octopus King {rCorr AC+1 EV+1
                  | Str+1 Int+1 Dex+1} (You found it on level 11 of a ziggurat)
101676 | Zig:12   | Entered Level 12 of a ziggurat
101687 | Zig:12   | Noticed Berest the pandemonium lord
101697 | Zig:12   | Killed Berest the pandemonium lord
102059 | Zig:13   | Entered Level 13 of a ziggurat
102072 | Zig:13   | Noticed Nyczyxzo the pandemonium lord
102075 | Zig:13   | Killed Nyczyxzo the pandemonium lord
102091 | Zig:13   | Identified the ring "Nerabb" {Wiz +Inv rF+ Int+4} (You
                  | found it on level 13 of a ziggurat)
102173 | Zig:14   | Entered Level 14 of a ziggurat
102178 | Zig:14   | Noticed Maag the pandemonium lord
102188 | Zig:14   | Killed Maag the pandemonium lord
102188 | Zig:14   | Noticed Zuciq the pandemonium lord
102200 | Zig:14   | Killed Zuciq the pandemonium lord
102232 | Zig:14   | Identified the ring of Cuiriar {Wiz Dex+3} (You found it on
                  | level 14 of a ziggurat)
102252 | Zig:15   | Entered Level 15 of a ziggurat
102324 | Zig:16   | Entered Level 16 of a ziggurat
102356 | Zig:16   | Noticed Zeeluc the pandemonium lord
102370 | Zig:16   | Killed Zeeluc the pandemonium lord
102412 | Zig:16   | Found the +6 shillelagh "Devastator" {shatter}
102455 | Zig:16   | Identified the amulet "Hypoatie" {Inacc rPois Int+3} (You
                  | found it on level 16 of a ziggurat)
102458 | Zig:16   | Identified the ring "Uhiuschecs" {rPois rC+ rN++ Int-5}
                  | (You found it on level 16 of a ziggurat)
102576 | Zig:17   | Entered Level 17 of a ziggurat
102589 | Zig:17   | Noticed a juggernaut
102590 | Zig:17   | Noticed a juggernaut
102590 | Zig:17   | Noticed a juggernaut
102591 | Zig:17   | Noticed a juggernaut
102592 | Zig:17   | Killed a juggernaut
102593 | Zig:17   | Killed a juggernaut
102593 | Zig:17   | Killed a juggernaut
102595 | Zig:17   | Killed a juggernaut
102646 | Zig:17   | Identified Kawoef's Volume of Black Secrets
102656 | Zig:18   | Entered Level 18 of a ziggurat
102727 | Zig:18   | Found the +6 Majin-Bo {vamp, MP+6 Int+6}
102736 | Zig:18   | Identified the ring of Olonn {+Inv rCorr Str+4} (You found
                  | it on level 18 of a ziggurat)
102743 | Zig:18   | Identified the ring "Bixtacyg" {*Slow Str+6 Int+4 Dex+2}
                  | (You found it on level 18 of a ziggurat)
102746 | Zig:18   | Identified the ring of Jacuerr {Ice Str+6} (You found it on
                  | level 18 of a ziggurat)
102756 | Zig:19   | Entered Level 19 of a ziggurat
102821 | Zig:19   | Identified the cursed ring "Dudaeddu" {+Blink Str-4 Int+4
                  | Dex-4} (You found it on level 19 of a ziggurat)
102832 | Zig:19   | Identified the Catalogue of Shifting Confrontation
102850 | Zig:20   | Entered Level 20 of a ziggurat
102917 | Zig:21   | Entered Level 21 of a ziggurat
102950 | Zig:21   | Noticed an ancient lich
102956 | Zig:21   | Killed an ancient lich
102958 | Zig:21   | Noticed an ancient lich
102961 | Zig:21   | Killed an ancient lich
102988 | Zig:21   | Found the +27 Lear's hauberk
103013 | Zig:21   | Identified Cuaprunu's Guide on Glacial Curses
103015 | Zig:21   | Identified the Grimoire of Fiery Shape Shifting
103020 | Zig:21   | Identified Omiem's Volume of Ensnaring Air
103040 | Zig:22   | Entered Level 22 of a ziggurat
103110 | Zig:22   | Found the +7 Spriggan's Knife {stab, EV+4 Stlth+}
103124 | Zig:22   | Identified the ring "Qiacrar" {+Inv rC- Str+6 SInv Stlth+}
                  | (You found it on level 22 of a ziggurat)
103173 | Zig:23   | Entered Level 23 of a ziggurat
103193 | Zig:23   | Noticed Nucw the pandemonium lord
103204 | Zig:23   | Killed Nucw the pandemonium lord
103209 | Zig:23   | HP: 3/319 [Hell Sentinel/damnation (37)]
103720 | Zig:23   | Identified Sif Muna's Reference Book on Excruciating Stones
103727 | Zig:23   | Identified the Reference Book on Unstable Clay
103737 | Zig:24   | Entered Level 24 of a ziggurat
103787 | Zig:24   | Found the cursed necklace of Bloodlust {*Rage +Rage Will++
                  | Int-3 Slay+6 *Curse}
103802 | Zig:24   | Got a pitted wooden ring
103803 | Zig:24   | Identified the ring "Ziovihad" {rC+ Str+8 Dex-5 Slay+2}
                  | (You found it on level 24 of a ziggurat)
103809 | Zig:24   | Got a coiled lead amulet
103810 | Zig:24   | Identified the amulet of Manewk {rElec rF+ rC+ Regen+
                  | Slay+2} (You found it on level 24 of a ziggurat)
103812 | Zig:24   | Got a transparent pewter amulet
103813 | Zig:24   | Identified the amulet "Itim" {RegenMP rF+ Str-3 Dex+6} (You
                  | found it on level 24 of a ziggurat)
103816 | Zig:24   | Identified the Compendium of the Shifting Compass
103848 | Zig:25   | Entered Level 25 of a ziggurat
103953 | Zig:25   | Found the +10 Black Knight's barding {ponderous, rPois rN+}
103970 | Zig:25   | Found the ring of Shadows {Umbra +Inv Stlth+}
103979 | Zig:25   | Identified the Volume of the Oath and Weightlessness
103988 | Zig:25   | Identified the Volume of the Doomed Rocks
104083 | Zig:26   | Entered Level 26 of a ziggurat
104197 | Zig:26   | Found the +10 morningstar "Eos" {elec, Halo rElec}
104203 | Zig:26   | Found the +7 captain's cutlass {speed, disarm}
104212 | Zig:26   | Got a transparent pewter ring
104213 | Zig:26   | Identified the ring "Nysm" {rElec EV+4 Str+7 Int-5 Slay+3}
                  | (You found it on level 26 of a ziggurat)
104231 | Zig:26   | Got a warped golden ring
104436 | Zig:27   | Entered Level 27 of a ziggurat
104445 | Zig:27   | Noticed a royal mummy
104445 | Zig:27   | Noticed a royal mummy
104446 | Zig:27   | Noticed a royal mummy
104454 | Zig:27   | Killed a royal mummy
104456 | Zig:27   | Killed a royal mummy
104459 | Zig:27   | Killed a royal mummy
104464 | Zig:27   | Noticed a royal mummy
104467 | Zig:27   | Noticed a royal mummy
104471 | Zig:27   | Noticed a royal mummy
104471 | Zig:27   | Noticed a royal mummy
104471 | Zig:27   | Noticed a royal mummy
104472 | Zig:27   | Killed a royal mummy
104472 | Zig:27   | Killed a royal mummy
104474 | Zig:27   | Killed a royal mummy
104474 | Zig:27   | Killed a royal mummy
104474 | Zig:27   | Killed a royal mummy
104474 | Zig:27   | Noticed a royal mummy
104476 | Zig:27   | Noticed a royal mummy
104476 | Zig:27   | Noticed a royal mummy
104478 | Zig:27   | Noticed a royal mummy
104479 | Zig:27   | Killed a royal mummy
104480 | Zig:27   | Reached skill level 27 in Throwing
104481 | Zig:27   | Killed a royal mummy
104481 | Zig:27   | Noticed a royal mummy
104482 | Zig:27   | Noticed a royal mummy
104483 | Zig:27   | Noticed a royal mummy
104484 | Zig:27   | Noticed a royal mummy
104485 | Zig:27   | Killed a royal mummy
104487 | Zig:27   | Killed a royal mummy
104487 | Zig:27   | Killed a royal mummy
104487 | Zig:27   | Killed a royal mummy
104489 | Zig:27   | Killed a royal mummy
104490 | Zig:27   | Killed a royal mummy
104570 | Zig:27   | Found the +2 robe of Vines {NoPotionHeal Regen+7}
104571 | Zig:27   | Found the ring of the Hare {EV+8}
104572 | Zig:27   | Found the +5 robe of Misfortune {*Contam Harm *Corrode
                  | *Drain *Slow EV+5}
104593 | Zig:27   | Identified Sif Muna's Guide on Lightness and Creation
104615 | Zig:27   | Identified the ring of Idealism {rC+ rN+ Will+ Int+4} (You
                  | found it on level 26 of a ziggurat)
105377 | Zot:5    | Got the Orb of Zot
105996 | D:$      | Escaped with the Orb!

Illustrated notes

Levels and vault maps discovered:
D:1:      dpeg_arrival_orchard, layout_rooms, corexii_hall_statues_i, hex_medium
D:2:      layout_basic, tso_oasis_becter, uniq_jessica
D:3:      layout_loops_ring, overflow_temple_1_default, supply_closet_lemuel,
          uniq_terence
D:4:      layout_loops_cross, minmay_stone_trees_small, guppyfry_early_lair_pool
D:5:      layout_basic, lemuel_round_altar, serial_glass, glass_columns_a,
          glass_columns_a, glass_columns_a, glass_columns_c
D:6:      layout_basic, overflow_temple_1_default,
          nicolae_ru_great_annihilating_truth, ebering_ghost_sewer_d,
          doesnt_xom_only_xom
D:7:      layout_cave_pools, lemuel_round_altar,
          minmay_temple_entry_statues_pillars, kennysheep_small_circle,
          uniq_prince_ribbit1, uniq_pikel, uniq_crazy_yiuf_cottage,
          uniq_menkaure
D:8:      layout_basic, nicolae_qazlal_style_of_elements,
          general_overflow_altar, uniq_gastronok
D:9:      layout_grid_maze, nzn_hepliaklqana_mist_gate,
          grunt_temple_overflow_open, kennysheep_potato
D:10:     layout_loops_ring, lair_entry_dummy, kennysheep_cross_bottleneck,
          hangedman_weighted_door, minmay_nine_imps, uniq_erica, uniq_snorg,
          uniq_fannar
D:11:     layout_roguey, minivault_1, minmay_strange_pillars
D:12:     layout_stronghold, orc_0_dummy, minmay_radiant, uniq_kirke
D:13:     layout_basic, nicolae_trove_entry_path_of_doom, serial_shops,
          shop_statue, shop_statue, shop, eino_curves_02, lemuel_freeze_loot_1
D:14:     layout_roguey, hangedman_vaults_entry_quadrant_bands, nrook_uturn,
          drop_trap, minmay_lindwurm_lava
D:15:     gammafunk_depths_entry_grave, layout_basic, grunt_decor_mini_mirrors,
          uniq_louise, uniq_agnes, uniq_rupert
Temple:   compressed_dpeg_triangle_lava_temple
Lair:1:   lemuel_reptile_caves, layout_regular_city, tgw_fedhas,
          minmay_lair_oklob_chamber
Lair:2:   layout_gridlike, swamp_mist_pool, infiniplex_staircase_pool_2,
          grunt_megastairs_5, serial_bayou_shore_b
Lair:3:   layout_hall_layers, st_stairs_8
Lair:4:   layout_gridlike, guppyfry_snake_entry_garden, kilobyte_rumbling_trees
Lair:5:   layout_cave_pods, chequers_serial_rivers_small_a,
          serial_bayou_shore_b, lemuel_fruit_tree
Lair:6:   minmay_lair_end_enchanted_forest, layout_hall_layers, slime_dummy
Swamp:1:  layout_falls_marsh, evilmike_swamp_ruin_house_2, swamp_pool2,
          nicolae_swamp_treefoil, uniq_nikola
Swamp:2:  layout_basic_swamp, evilmike_swamp_ruin_house_3,
          infiniplex_staircase_pool
Swamp:3:  layout_falls_marsh, serial_swamp_ruin, evilmike_swamp_ruin_house_1,
          evilmike_swamp_ruin_house_6, hangedman_swamp_ruin_wall, swamp_pool3,
          uniq_roxanne
Swamp:4:  swamp_old_school, layout_basic_swamp, ebering_ghost_disaster_area,
          swamp_pool4, statue_in_the_mist_lemuel, nicolae_swamp_spriggan_camp
Snake:1:  layout_basic, minmay_shop_star, grunt_megastairs_2, uniq_aizul
Snake:2:  layout_honeycomb, uniq_donald
Snake:3:  layout_onion, st_stairs_5, grunt_ministairs_11, minmay_shoptagon,
          uniq_saint_roka
Snake:4:  snake_pit_salamanders_mu, layout_gridlike, minmay_shop_mayhem,
          grunt_ministairs_2, uniq_vashnia
Slime:1:  layout_caves
Slime:2:  layout_caves
Slime:3:  layout_caves
Slime:4:  layout_caves, cheibrodos_slime_lost_civilization_5
Slime:5
Orc:1:    layout_diamond_mine, enter_bailey_2, minmay_shop_enchanted_jewellery
Orc:2:    grunt_orc_tribal_feast, layout_caves, serial_shops, shop
Elf:1:    layout_rooms, serial_shops, shop, minivault_28
Elf:2:    layout_loops_cross, serial_shops, shop_fountains
Elf:3:    minmay_elf_hall_dome, layout_geoelf_octagon, st_stairs_4
Vaults:1: ontoclasm_vaults_gallery, nicolae_vaults_mini_display_case,
          nicolae_vaults_network_quinsquares
          [nicolae_vaults_network_quincunx_subvault,
          nicolae_vaults_network_quincunx_subvault,
          nicolae_vaults_network_quincunx_subvault,
          nicolae_vaults_network_quincunx_subvault], v_pattern_3,
          grunt_vaults_twisty, ontoclasm_vaults_shuriken, v_misc_27, v_misc_11,
          vaults_room_hallway, v_misc_19, ontoclasm_vaults_bender,
          ontoclasm_vaults_fault, nicolae_vaults_circle_grid_b,
          layout_vaults_maze_bifur
Vaults:2: nicolae_vaults_little_squares_3, v_rooms_4, v_misc_28,
          hangedman_vaults_nodes, vaults_dpeg_encased_lava,
          ontoclasm_vaults_ring_small, vaults_room_hallway, v_misc_15,
          v_misc_19, nicolae_vaults_little_squares_1, nicolae_vaults_theta,
          layout_vaults_omnigrid, serial_shops, nicolae_shop_trees
Vaults:3: grunt_vaults_focal, v_misc_15, nicolae_vaults_holding_cells,
          vaults_standard_mumra_x, minmay_crypt_entry_necro_gods, v_misc_14,
          v_misc_3, v_rooms_6, vaults_mumra_chevron, v_misc_27,
          ontoclasm_vaults_loading_screen, v_misc_27, v_misc_2,
          vaults_dpeg_ring, ontoclasm_vaults_gateway, nicolae_vaults_little_ls,
          layout_vaults_omnicross
Vaults:4: ebering_vaults_ghost_reflecting_pool, v_misc_28, vaults_dpeg_cross,
          v_misc_33, ontoclasm_vaults_hangar, v_misc_32,
          hangedman_vaults_stitches, vaults_mumra_chevron_long,
          nicolae_vaults_little_squares_3, v_misc_25, special_room_vaults
          [special_room_orc], layout_vaults_omnibox
Vaults:5: serial_shops
Crypt:1:  layout_gridlike, roderic_lattice_octagonal_star
Crypt:2:  layout_catacombs, uniq_margery
Crypt:3:  quadcrypt_mu
Tomb:1
Tomb:2
Tomb:3
Depths:1: layout_gridlike, grunt_decor_junction, grunt_hell_entry_dis_grunt,
          st_stairs_10, nrook_kobold_shadow_demons
Depths:2: gammafunk_corrupted_shrine, layout_long_grid,
          grunt_hell_entry_demonic_statue, abyss_entry_small_statue_room,
          minmay_misc_feat_roman, minmay_misc_feat_alley,
          minmay_staircase_statues, uniq_sojobo
Depths:3: minmay_dotted_concentric_squares, layout_gridville,
          grunt_pan_entry_zigzag, hangedman_abyss_or_decor_lesser_grid,
          hell_entry, abyss_entry, chequers_serial_rivers_marsh,
          kennysheep_nondescript, minivault_16, uniq_xtahua
Depths:4: nzn_winding_woodlands_stair_cross [nzn_winding_woodlands_5x15_zeroes,
          nzn_winding_woodlands_center_diamonds,
          nzn_winding_woodlands_5x15_sidewinder,
          nzn_winding_woodlands_5x5_open_star, nzn_winding_woodlands_5x5_three,
          nzn_winding_woodlands_5x15_pool,
          nzn_winding_woodlands_center_triple_pond,
          nzn_winding_woodlands_5x15_river_crossing], layout_cave_shapes,
          enter_ziggurat_e, hell_entry, chequers_serial_rivers_micro_b,
          abyss_entry, serial_bayou_shore_a, minmay_staircase_bubble, uniq_boris
Depths:5: grunt_twist_and_shout, layout_basic, nrook_pool_corridor, hellmouth_1,
          minmay_shattered_shrine, minmay_shop_grove
Hell
Dis:1:    layout_subdivisions
Dis:2:    layout_jigsaw, grunt_megastairs_1, lemuel_elevator
Dis:3:    layout_subdivisions, hangedman_dis_decor_blocks_talon
Dis:4:    layout_chaotic_city
Dis:5:    layout_subdivisions
Dis:6:    lightli_tower_of_babel, layout_regular_city
Dis:7:    dis_st
Geh:1:    layout_gehenna_lava_caves
Geh:2:    layout_gehenna_pools_box
Geh:3:    layout_gehenna_pools_box
Geh:4:    layout_gehenna_pools_box
Geh:5:    grunt_deathspiral_small, layout_gehenna_lava_caves
Geh:6:    layout_gehenna_pools_box, hangedman_elemental_grid_stream
Geh:7:    geh_old
Coc:1:    layout_ice_bergs
Coc:2:    layout_ice_bergs
Coc:3:    layout_cocytus_water_paths, serial_ice
Coc:4:    layout_ice_bergs
Coc:5:    layout_ice_bergs
Coc:6:    layout_ice_bergs
Coc:7:    coc_mu
Tar:1:    layout_catacombs
Tar:2:    layout_catacombs, grunt_tartarus_stairs_gauntlet_trap
Tar:3:    layout_honeycomb
Tar:4:    layout_catacombs
Tar:5:    layout_grid_maze
Tar:6:    layout_cathedral_of_symmetry
Tar:7:    tar_minmay_river
Zot:1:    layout_onion_interference, hangedman_zot_spectrum, grunt_megastairs_4
Zot:2:    layout_cellular_growth, st_stairs_5
Zot:3:    layout_cathedral_of_symmetry, st_large_dragon_hoard_3
Zot:4:    layout_gridlike
Zot:5:    layout_basic, st_stairs_3

Skill      XL: |  1  2  3  4  5  6  7  8  9 10 11 12 13 14 15 16 17 18 19 20 21 22 23 24 25 26 27 |
---------------+----------------------------------------------------------------------------------+-----
Spellcasting   | 1 2 3 4 5 6 7 8 9 11 12 13 14 27 | 27.0
Evocations     | 1 2 4 5 7 9 10 11 12 13 14 15 17 27 | 27.0
Dodging        | 3 4 5 6 7 9 10 11 12 13 14 15 24 | 24.9
Stealth        | 7 8 10 12 14 27 | 27.0
Unarmed Combat | 3 4 5 6 7 9 10 11 12 13 27 | 27.0
Fighting       | 4 5 6 7 9 10 11 12 13 27 | 27.0
Throwing       | 1 4 5 6 7 9 10 11 27 | 27.0
Shields        | 1 3 4 6 7 8 9 10 11 12 13 14 15 25 | 25.0
Invocations    | 1 3 7 8 9 10 11 12 13 | 13.0
Transmutations | 3 8 9 10 11 12 14 15 20 | 20.0
Earth Magic    | 3 8 9 10 11 20 | 20.0
Fire Magic     | 1 9 10 12 13 14 15 17 | 17.0
Ice Magic      | 4 6 9 13 21 | 21.0
Necromancy     | 20 | 20.0
Short Blades   | |  0.1
Slings         | |  0.1

Action                   |  1- 3 |  4- 6 |  7- 9 | 10-12 | 13-15 | 16-18 | 19-21 | 22-24 | 25-27 || total
-------------------------+-------+-------+-------+-------+-------+-------+-------+-------+-------++-------
Melee: Unarmed           |    23 |   181 |   246 |   242 |   508 |   591 |   503 |   661 |  6732 ||  9687
       Constrict         |     7 |    43 |    63 |    75 |    79 |   100 |   141 |   119 |  1234 ||  1861
       Tentacles         |     6 |    27 |    53 |   180 |   197 |   212 |   211 |   253 |  1844 ||  2983
       Punch             |     1 |     2 |    11 |    44 |    63 |    68 |    96 |   127 |  1462 ||  1874
       Dagger            |       |       |       |   206 |    22 |    11 |       |       |       ||   239
       Rapier            |       |       |       |       |       |     6 |    83 |    28 |    31 ||   148
       Kick              |       |       |       |       |       |       |       |       |  2887 ||  2887
Throw: Dart              |       |    11 |    72 |    72 |    59 |    11 |       |       |       ||   225
       Javelin           |       |     3 |    20 |    25 |    20 |    20 |     7 |     5 |   228 ||   328
       Stone             |       |       |    53 |    64 |    28 |     8 |       |       |       ||   153
       Boomerang         |       |       |       |       |       |   284 |    82 |    70 |   524 ||   960
 Cast: Statue Form       |       |       |       |       |    65 |    96 |    67 |    79 |   619 ||   926
       Ignition          |       |       |       |       |       |       |       |     1 |   164 ||   165
       Ozocubu's Refrige |       |       |       |       |       |       |       |       |   150 ||   150
       Absolute Zero     |       |       |       |       |       |       |       |       |   472 ||   472
       Apportation       |       |       |       |       |       |       |       |       |   326 ||   326
       Shatter           |       |       |       |       |       |       |       |       |   137 ||   137
       Sublimation of Bl |       |       |       |       |       |       |       |       |     9 ||     9
       Necromutation     |       |       |       |       |       |       |       |       |     3 ||     3
       Death's Door      |       |       |       |       |       |       |       |       |     1 ||     1
Invok: Temporal Distorti |       |       |       |     2 |     2 |       |       |       |     9 ||    13
       Slouch            |       |       |       |       |     3 |     7 |     4 |       |    10 ||    24
       Step From Time    |       |       |       |       |       |       |       |       |     8 ||     8
 Abil: End Transformatio |       |       |       |       |    51 |    92 |    51 |    72 |   532 ||   798
       Evoke Flight      |       |       |       |       |     1 |       |       |       |    23 ||    24
       Evoke Blink       |       |       |       |       |       |       |       |       |     7 ||     7
       Stop Flying       |       |       |       |       |       |       |       |       |     1 ||     1
Evoke: Wand              |       |       |    13 |    17 |    11 |    12 |     8 |       |    34 ||    95
       Tin of tremorston |       |       |       |       |       |     7 |     4 |     2 |    10 ||    23
       Condenser vane    |       |       |       |       |       |     3 |     4 |     5 |     7 ||    19
       Box of beasts     |       |       |       |       |       |     1 |       |       |     2 ||     3
       Phial of floods   |       |       |       |       |       |       |     1 |     1 |       ||     2
       Horn of Geryon    |       |       |       |       |       |       |       |       |     2 ||     2
       Figurine of a zig |       |       |       |       |       |       |       |       |     1 ||     1
  Use: Potion            |       |     3 |       |     4 |     3 |       |       |     2 |    36 ||    48
       Scroll            |       |     2 |    15 |     9 |     7 |     7 |     5 |     2 |    83 ||   130
 Stab: Sleeping          |     1 |    24 |    14 |    40 |    23 |    10 |    33 |    17 |   124 ||   286
       Paralysed         |       |       |     1 |       |       |       |       |       |     1 ||     2
       Distracted        |       |       |       |     2 |       |     2 |     1 |     1 |    50 ||    56
       Petrified         |       |       |       |       |       |     5 |       |       |       ||     5
       Petrifying        |       |       |       |       |       |     1 |       |       |       ||     1
Armor: Skin              |       |    13 |     8 |    54 |   258 |   388 |   281 |   302 |  1660 ||  2964
Dodge: Dodged            |    15 |    92 |   139 |   240 |   542 |  1056 |   747 |   779 |  6506 || 10116
Block: Buckler           |       |       |    13 |   148 |   295 |   449 |   418 |   496 |       ||  1819
       Reflection        |       |       |       |       |       |       |    14 |    51 |   220 ||   285
       Kite shield       |       |       |       |       |       |       |       |   189 |  9187 ||  9376
